 Dungeon Crawl Stone Soup version 0.31-a0-981-geadf994542 (webtiles) character file.

Game seed: 12944807011620893349

2009178 MackTheKnife the Marksgnoll (level 25, 202/202 HPs)
             Began as a Gnoll Hedge Wizard on Nov 1, 2023.
             Was an Initiate of Gozag.
             Escaped with the Orb
             ... and 4 runes!
             The game lasted 03:36:04 (84188 turns).

MackTheKnife the Marksgnoll (Gnoll Hedge Wizard)   Turns: 84188, Time: 03:36:04

Health: 202/202    AC: 33    Str: 12    XL:     25   Next: 96%
Magic:  45/45      EV: 24    Int: 27    God:    Gozag
Gold:   1834       SH: 21    Dex: 25    Spells: 11/61 levels left

rFire   + + .        a - +8 demon blade (elec) {long}
rCold   + . .        s - +5 kite shield
rNeg    + + +        u - quicksilver dragon scales "Not Musm" {+Blink rPois Will+ rCorr, rare}
rPois   +            Z - +2 hat {Stlth+}
rElec   .            k - +2 cloak {Will+}
rCorr   +            M - +2 pair of gloves {Stlth+}
SInv    .            T - +2 pair of boots "Tojewi" {Dex+3}
Will    +++..        A - amulet of the First Allies {Spirit rF+ rN++}
Stlth   +++          E - ring "Fusakik" {rC+ Int+5 Dex+3, =R}
HPRegen 0.53/turn    l - ring of Daisies {rF+ rN+ AC+4 Int+4}
MPRegen 0.29/turn

%: guardian spirit
@: studying Ranged Weapons
A: fangs 1, strong nose, distributed training, antennae 1, agile 1, evolution 1
0: Orb of Zot
}: 4/15 runes: decaying, slimy, silver, gossamer
a: Renounce Religion, Evoke Blink, Potion Petition, Call Merchant, Bribe Branch


You escaped.
You worshipped Gozag.
Gozag was most pleased with you.
You visited 10 branches of the dungeon, and saw 52 of its levels.
You also visited: Gauntlet.

You collected 25529 gold pieces.
You spent 8850 gold pieces at shops.
You paid 14845 gold pieces to Gozag.


Innate Abilities, Weirdness & Mutations

You have very sharp teeth.
Your uncanny sense of smell can sniff out nearby items.
Your experience applies equally to all skills.
You have a pair of small antennae on your head.
You are agile. (Dex +4, Str/Int -1)
You have hidden genetic potential.


   Skills:
 + Level 17.6 Fighting
 + Level 17.6 Short Blades
 + Level 17.6 Long Blades
 + Level 17.6 Axes
 + Level 17.6 Maces & Flails
 + Level 17.6 Polearms
 + Level 17.6 Staves
 + Level 20.1 Ranged Weapons
 + Level 17.6 Throwing
 + Level 17.6 Armour
 + Level 18.1 Dodging
 + Level 18.0 Stealth
 + Level 17.6 Shields
 + Level 17.6 Unarmed Combat
 + Level 18.8 Spellcasting
 + Level 15.1 Conjurations
 + Level 15.0 Hexes
 + Level 15.1 Summonings
 + Level 15.0 Necromancy
 + Level 15.1 Translocations
 + Level 15.0 Transmutations
 + Level 15.0 Fire Magic
 + Level 15.0 Ice Magic
 + Level 15.0 Air Magic
 + Level 15.0 Earth Magic
 + Level 15.0 Poison Magic
 + Level 19.0 Invocations
 + Level 17.6 Evocations
 + Level 16.2 Shapeshifting


You had 11 spell levels left.
You knew the following spells:

 Your Spells              Type           Power      Damage    Failure   Level
a - Magic Dart            Conj           100%       1d8       0%          1
b - Haunt                 Necr/Summ      41%        N/A       9%          7
c - Sublimation of Blood  Necr           82%        N/A       0%          2
d - Mephitic Cloud        Conj/Pois/Air  82%        N/A       1%          3
f - Wereblood             Tmut           82%        N/A       0%          2
g - Freezing Cloud        Conj/Ice/Air   41%        6-21      1%          5
h - Irradiate             Conj/Tmut      41%        3d25      1%          5
i - Passwall              Tmut/Erth      68%        N/A       0%          2
j - Summon Forest         Summ/Tloc      41%        N/A       1%          5
k - Borgnjor's Vile Clut  Necr/Erth      41%        N/A       1%          5
l - Yara's Violent Unrav  Hex/Tmut       41%        3d16      1%          5
A - Death Channel         Necr           41%        N/A       1%          6
C - Blink                 Tloc           100%       N/A       0%          2

Your spell library contained the following spells:

 Spells                   Type           Power      Damage    Failure   Level
 Apportation              Tloc           100%       N/A       0%          1
 Necrotise                Necr           100%       1d9       0%          1
 Sandblast                Erth           100%       2d20      0%          1
 Shock                    Conj/Air       100%       1d9       0%          1
 Slow                     Hex            100%       N/A       0%          1
 Summon Small Mammal      Summ           100%       N/A       0%          1
 Call Imp                 Summ           100%       N/A       0%          2
 Cigotuvi's Dreadful Rot  Necr/Pois/Air  100%       N/A       0%          2
 Jinxbite                 Hex            100%       N/A       0%          2
 Momentum Strike          Conj/Tloc      100%       3d10      0%          2
 Poisonous Vapours        Pois/Air       100%       N/A       0%          2
 Scorch                   Fire           100%       2d9       0%          2
 Searing Ray              Conj           100%       2d8       0%          2
 Static Discharge         Conj/Air       100%       3-8/arc   0%          2
 Dazzling Flash           Conj/Hex       100%       N/A       1%          3
 Frozen Ramparts          Ice            100%       1d16      1%          3
 Inner Flame              Hex/Fire       82%        N/A       1%          3
 Ozocubu's Armour         Ice            82%        N/A       1%          3
 Stone Arrow              Conj/Erth      100%       3d13      1%          3
 Summon Guardian Golem    Hex/Summ       82%        N/A       1%          3
 Swiftness                Air            82%        N/A       1%          3
 Tukima's Dance           Hex            82%        N/A       1%          3
 Volatile Blastmotes      Fire/Tloc      100%       2d18      1%          3
 Airstrike                Air            41%        2d(6-22)  1%          4
 Animate Armour           Summ/Erth      100%       N/A       1%          4
 Brom's Barrelling Bould  Conj/Erth      82%        2d9       1%          4
 Cause Fear               Hex            41%        N/A       1%          4
 Dimensional Bullseye     Hex/Tloc       41%        N/A       1%          4
 Dispel Undead            Necr           82%        3d27      1%          4
 Flame Wave               Conj/Fire      82%        2d18      1%          4
 Fulminant Prism          Conj/Hex       41%        3d19      1%          4
 Iskenderun's Mystic Bla  Conj/Tloc      82%        2d16      1%          4
 Manifold Assault         Tloc           82%        N/A       1%          4
 Olgreb's Toxic Radiance  Pois           82%        N/A       1%          4
 Passage of Golubria      Tloc           82%        N/A       1%          4
 Petrify                  Tmut/Erth      82%        N/A       1%          4
 Sticky Flame             Conj/Fire      82%        2d9       1%          4
 Summon Lightning Spire   Summ/Air       82%        N/A       1%          4
 Vhi's Electric Charge    Tloc/Air       100%       N/A       1%          4
 Agony                    Necr           82%        N/A       1%          5
 Alistair's Intoxication  Tmut/Pois      54%        N/A       1%          5
 Arcjolt                  Conj/Air       41%        1d51      1%          5
 Fireball                 Conj/Fire      41%        3d17      1%          5
 Iskenderun's Battlesphe  Conj           82%        2d13      1%          5
 Lee's Rapid Deconstruct  Erth           41%        3d20*     1%          5
 Metabolic Englaciation   Hex/Ice        41%        N/A       1%          5
 Silence                  Hex/Air        41%        N/A       1%          5
 Conjure Ball Lightning   Conj/Air       41%        3x3d13    1%          6
 Dispersal                Tloc           41%        N/A       1%          6
 Eringya's Noxious Bog    Tmut/Pois      41%        4d6       1%          6
 Plasma Beam              Fire/Air       41%        2x1d55    1%          6
 Summon Cactus Giant      Summ           41%        N/A       1%          6
 Enfeeble                 Hex            41%        N/A       9%          7
 Monstrous Menagerie      Summ           41%        N/A       9%          7
 Orb of Destruction       Conj           41%        9d11      9%          7
 Spellforged Servitor     Conj/Summ      41%        N/A       9%          7
 Summon Hydra             Summ           41%        N/A       9%          7
 Disjunction              Tloc           41%        N/A       54%         8
 Lehudib's Crystal Spear  Conj/Erth      41%        10d10     54%         8
 Borgnjor's Revivificati  Necr           41%        N/A       56%         8
 Ignition                 Fire           41%        3d12      56%         8
 Maxwell's Capacitive Co  Air            41%        ∞         56%         8
 Death's Door             Necr           41%        N/A       100%        9
 Dragon's Call            Summ           41%        N/A       100%        9
 Animate Dead             Necr           Unusable   N/A       N/A         4
 Simulacrum               Ice/Necr       Unusable   N/A       N/A         6

Inventory:

Hand Weapons
 a - a +8 demon blade of electrocution (weapon) {long}
   (You took it off a deep elf demonologist on level 3 of the Elven Halls)
 b - the +4 morningstar of Karma {pain, Int+4 SInv Stlth+, mace}
   (You found it on level 2 of the Swamp)

   Int+4:     It affects your intelligence (+4).
   SInv:      It lets you see invisible.
   Stlth+:    It makes you more stealthy.
 L - the +4 flail of the Lamprey {flame, Fly Dex+3, mace}
   (You took it off a yaktaur captain on level 5 of the Vaults)

   Dex+3:     It affects your dexterity (+3).
   Fly:       It grants you flight.
Armour
 k - a +2 cloak of willpower (worn)
   (You found it on level 3 of the Elven Halls)
 s - a +5 kite shield (worn)
   (You took it off a tengu warrior on level 3 of the Depths)
 u - the quicksilver dragon scales "Not Musm" (worn) {+Blink rPois Will+ rCorr, rare}
   (You took it off a deep elf high priest on level 3 of the Elven Halls)

   rPois:     It protects you from poison Will+: It increases your willpower.
   +Blink:    It lets you blink.
   rCorr:     It protects you from acid and corrosion.
 C - a +2 helmet of intelligence
   (You found it on level 3 of the Depths)
 M - a +2 pair of gloves of stealth (worn)
   (You bought it in a shop on level 2 of the Orcish Mines)
 P - a scarf of resistance
   (You found it on level 4 of the Spider Nest)
 T - the +2 pair of boots "Tojewi" (worn) {Dex+3}
   (You found it on level 5 of the Vaults)

   Dex+3:     It affects your dexterity (+3).
 Z - a +2 hat of stealth (worn)
   (You found it on level 4 of the Spider Nest)
Magical Staves
 c - the staff "Mip Dava" {rElec rPois rF+ Will+ Poison, !astaff}
   (You found it on level 3 of the Depths)

   [staff of poison]

   Base accuracy: +5 Base damage: 5 Base attack delay: 1.2 This weapon's minimum
   attack delay (0.6) is reached at skill level 12.
   rF+:       It protects you from fire.
   rElec:     It insulates you from electricity.
   rPois:     It protects you from poison Will+: It increases your willpower.
   Poison:    It increases the power of your Poison spells.
   It falls into the 'Staves' category.
   It is a one-handed weapon.
 U - the staff "Loygit" {rPois Str+3 Dex+3 Earth, !astaff}
   (You took it off an ogre mage on level 5 of the Vaults)

   [staff of earth]

   Base accuracy: +5 Base damage: 5 Base attack delay: 1.2 This weapon's minimum
   attack delay (0.6) is reached at skill level 12.
   Str+3:     It affects your strength (+3).
   Dex+3:     It affects your dexterity (+3).
   rPois:     It protects you from poison Earth: It increases the power of your
   Earth spells.
   It falls into the 'Staves' category.
   It is a one-handed weapon.
Jewellery
 l - the ring of Daisies (right hand) {rF+ rN+ AC+4 Int+4}
   (You bought it in a shop on level 2 of the Depths)

   [ring of protection]

   AC+4:      It affects your AC (+4).
   Int+4:     It affects your intelligence (+4).
   rF+:       It protects you from fire.
   rN+:       It protects you from negative energy.
 A - the amulet of the First Allies (around neck) {Spirit rF+ rN++}
   (You acquired it on level 1 of the Swamp)

   [amulet of guardian spirit]

   Spirit:    It causes incoming damage to be divided between your reserves of
   health and magic.
   rF+:       It protects you from fire.
   rN++:      It greatly protects you from negative energy.
 E - the ring "Fusakik" (left hand) {rC+ Int+5 Dex+3, =R}
   (You bought it in a shop on level 4 of the Lair of Beasts)

   [ring of protection from cold]

   Int+5:     It affects your intelligence (+5).
   Dex+3:     It affects your dexterity (+3).
   rC+:       It protects you from cold.
 J - the ring "Payl" {rPois rCorr Int+4 SInv}
   (You found it on level 3 of the Swamp)

   [ring of see invisible]

   Int+4:     It affects your intelligence (+4).
   rPois:     It protects you from poison SInv: It lets you see invisible.
   rCorr:     It protects you from acid and corrosion.
 W - a ring of flight
   (You took it off a tengu reaver on level 5 of the Vaults)
Wands
 f - a wand of digging (17)
   (You found it on level 14 of the Dungeon)
 m - a wand of polymorph (34)
   (You took it off an orc on level 5 of the Dungeon)
 w - a wand of flame (47)
   (You found it on level 3 of the Elven Halls)
 D - a wand of mindburst (29)
   (You took it off Maurice on level 8 of the Dungeon)
 H - a wand of roots (28)
   (You found it on level 5 of the Lair of Beasts)
 X - a wand of quicksilver (6)
   (You found it on level 14 of the Dungeon)
 Y - a wand of paralysis (76)
   (You found it on level 14 of the Dungeon)
Scrolls
 g - 24 scrolls of teleportation {@r4}
 i - 7 scrolls of fear
 j - 5 scrolls of fog
 n - 9 scrolls of poison
 p - 3 scrolls of blinking {!r}
 v - 16 scrolls of vulnerability {!r!r}
 B - a scroll of silence {!r}
 G - 2 scrolls of immolation {!r!r}
 Q - 2 scrolls of enchant armour
 R - 6 scrolls of brand weapon
 S - 8 scrolls of butterflies
Potions
 d - 4 potions of magic
 h - 7 potions of brilliance
 o - 25 potions of curing {@q1}
 r - 7 potions of enlightenment
 t - 8 potions of might
 x - 7 potions of mutation {!q}
 z - 5 potions of haste {@q3}
 F - 10 potions of heal wounds {@q2}
 I - a potion of ambrosia
 N - 4 potions of invisibility
 O - 8 potions of cancellation
Miscellaneous
 e - a lightning rod (4/4)
   (You bought it in a shop on level 2 of the Orcish Mines)
 y - a sack of spiders
   (You bought it in a shop on level 2 of the Orcish Mines)
 V - a phantom mirror
   (You bought it in a shop on level 2 of the Orcish Mines)

Dungeon Overview and Level Annotations

Branches:
Dungeon (15/15)            Temple (0/1) D:4            Lair (5/5) D:9
  Swamp (4/4) Lair:3       Spider (4/4) Lair:3        Slime (5/5) Lair:4
    Orc (2/2) D:10            Elf (3/3) Orc:2        Vaults (5/5) D:14
 Depths (4/4) D:15            Zot (5/5) Depths:4    Gauntlet (visited)
  Crypt: Vaults:2-3

Altars:
Ashenzari
Cheibriados
Dithmenos
Fedhas
Gozag
Hepliaklqana
Kikubaaqudgha
Makhleb
Nemelex Xobeh
Qazlal
Sif Muna
Uskayaw
Vehumet
Wu Jian
Xom
Yredelemnul
Zin

Shops:
D:2 (   D:7 [   D:12 [   Orc:2 *(![=*   Elf:1 ==::   Elf:3 *   Lair:1 (
Lair:4 =   Swamp:1 *   Swamp:4 ?   Vaults:1 *   Depths:2 =

Portals:
Hell: Depths:1 Depths:2 Depths:3 Depths:4
Abyss: Depths:3
Pandemonium: Depths:2
Ziggurat: Depths:4
Trove: Depths:1 (give +4 fire dragon scales)

Annotations:
D:8 exclusions: acid dragon and door
D:14 1 runed translucent door, Sauxt's ghost, journeyman GrEE
Lair:3 1 runed translucent door, Vuwiesed's ghost, journeyman DsSh
Lair:4 1 runed translucent door
Swamp:1 Roxanne
Slime:5 exclusion: upstairs
Elf:1 2 runed translucent doors, zurenarrh's ghost, adept FoEE
Elf:2 5 runed translucent doors
Vaults:3 exclusion: bone dragon
Depths:4 4 runed translucent doors
Zot:3 1 exclusion
Zot:5 exclusion: 2 upstairs

#≈≈~##...##)##
#≈≈≈~'...'..#
#≈≈~##...####
#≈≈.#...##
#~.##...#
#~.#...##
#>##...#
###...##
#.@.## #####


There were no monsters in sight!


Message History

There is a stone staircase leading up here.
Unknown command.
You climb upwards.
Your summoned ally is left behind.
There is a stone staircase leading down, spattered with blood here.
Unknown command. 😮 HP[+1] MP[+1]
You are confused.
You feel invigorated. 😮 HP[+5] MP[+3]
You regained 5 hp, and now have 151/202 hp.
You regained 3 mp, and now have 32/45 mp.
You start resting. 😕 HP[+18] MP[+13]
You regained 18 hp, and now have 169/202 hp.
Your mp is fully restored (45).
Unknown command.
You start resting.
You feel less invigorated.
You feel less confused. 😕 HP[+5]
You regained 5 hp, and now have 174/202 hp.
Unknown command.
A Brimstone Fiend comes into view. 😕 HP[+1] Unknown command.
Casting: Haunt (dangerous; 9% risk of failure)
Confirm with . or Enter, or press ? or * to list all spells.
Aiming: Haunt (dangerous; 9% risk of failure)
Press: ? - help, Dir - move target, f - Brimstone Fiend
Aim: a Brimstone Fiend Insubstantial figures form in the air. 😕 HP[+1] MP[-7]
You lost 7 mp, and now have 38/45 mp.
Unknown command. 😕 HP[+1] MP[+1]
There is a stone staircase leading down, spattered with blood here.
Unknown command.
Casting: Haunt (dangerous; 9% risk of failure)
Confirm with . or Enter, or press ? or * to list all spells.
Aiming: Haunt (dangerous; 9% risk of failure)
Press: ? - help, Dir - move target, f/p - Brimstone Fiend
Aim: a Brimstone Fiend (ally target) Insubstantial figures form in the air. 😕 HP[+1] MP[-7]
You lost 7 mp, and now have 32/45 mp.
Unknown command.
The Brimstone Fiend hits something!
The Brimstone Fiend hits something.
The Brimstone Fiend hits something! 😕 MP[+1] Unknown command. 😕 HP[+1] Unknown command. 😕 HP[+1] 😕 HP[+1] MP[+1] 😕 HP[+1] 😕 MP[+1] 😕 HP[+1] 😕 HP[+1] 😕 MP[+1] 😕 HP[+1]
There is a stone staircase leading up here.
You climb upwards.
Level annotation: exclusions: acid dragon and door
There is a stone staircase leading down here. 😕 HP[+2] MP[+1]
You regained 2 hp, and now have 187/202 hp.
Unknown command.
What level of the Dungeon? (default 9, ? - help)
There is an open door here.
There is a stone staircase leading up here.
You climb upwards.
There is a stone staircase leading down here.
There is an open door here.
There is a stone staircase leading up here.
You climb upwards.
There is a stone staircase leading down here.
There is a stone staircase leading up here.
You climb upwards.
There is a stone staircase leading down here.
You sense a monster nearby. 😎 HP[+15] MP[+8]
Your hp is fully restored (202).
Your mp is fully restored (45).
Unknown command.
There is a stone staircase leading up here.
You climb upwards.
There is a stone staircase leading down here.
What level of the Dungeon? (default 1, ? - help)
There is a stone staircase leading up here.
You climb upwards.
There is a stone staircase leading down here.
There is a stone staircase leading up here.
You climb upwards.
There is a stone staircase leading down here.
There is a stone staircase leading up here.
You climb upwards.
There is a stone staircase leading down here.
You see here 7 stones {throwing}.
You see here a +0 short sword {short}.
There is an open door here.
There is a staircase leading out of the dungeon here.
You have escaped!

Skill      XL: |  1  2  3  4  5  6  7  8  9 10 11 12 13 14 15 16 17 18 19 20 21 22 23 24 25 |
---------------+----------------------------------------------------------------------------+-----
Conjurations   | 2 3 4 5 6 7 8 9 10 11 12 13 14 15 | 15.1
Summonings     | 2 3 4 5 6 7 8 9 10 11 12 13 14 15 | 15.1
Translocations | 2 3 4 5 6 7 8 9 10 11 12 13 14 15 | 15.1
Invocations    | 1 2 3 4 5 6 7 8 9 10 11 12 13 14 15 16 17 18 19 | 19.0
Fighting       | 1 2 3 4 5 6 8 9 10 11 12 13 14 15 16 17 | 17.6
Short Blades   | 1 2 3 4 5 6 8 9 10 11 12 13 14 15 16 17 | 17.6
Long Blades    | 1 2 3 4 5 6 8 9 10 11 12 13 14 15 16 17 | 17.6
Axes           | 1 2 3 4 5 6 8 9 10 11 12 13 14 15 16 17 | 17.6
Maces & Flails | 1 2 3 4 5 6 8 9 10 11 12 13 14 15 16 17 | 17.6
Polearms       | 1 2 3 4 5 6 8 9 10 11 12 13 14 15 16 17 | 17.6
Staves         | 1 2 3 4 5 6 8 9 10 11 12 13 14 15 16 17 | 17.6
Ranged Weapons | 1 2 3 4 5 6 8 9 10 11 12 13 14 15 16 17 19 20 | 20.1
Throwing       | 1 2 3 4 5 6 8 9 10 11 12 13 14 15 16 17 | 17.6
Armour         | 1 2 3 4 5 6 8 9 10 11 12 13 14 15 16 17 | 17.6
Shields        | 1 2 3 4 5 6 8 9 10 11 12 13 14 15 16 17 | 17.6
Unarmed Combat | 1 2 3 4 5 6 8 9 10 11 12 13 14 15 16 17 | 17.6
Evocations     | 1 2 3 4 5 6 8 9 10 11 12 13 14 15 16 17 | 17.6
Shapeshifting  | 1 2 3 4 5 6 7 8 9 10 11 12 13 14 15 16 | 16.2
Hexes          | 1 2 3 4 5 6 7 8 9 10 11 12 13 14 15 | 15.0
Necromancy     | 1 2 3 4 5 6 7 8 9 10 11 12 13 14 15 | 15.0
Transmutations | 1 2 3 4 5 6 7 8 9 10 11 12 13 14 15 | 15.0
Fire Magic     | 1 2 3 4 5 6 7 8 9 10 11 12 13 14 15 | 15.0
Ice Magic      | 1 2 3 4 5 6 7 8 9 10 11 12 13 14 15 | 15.0
Air Magic      | 1 2 3 4 5 6 7 8 9 10 11 12 13 14 15 | 15.0
Earth Magic    | 1 2 3 4 5 6 7 8 9 10 11 12 13 14 15 | 15.0
Poison Magic   | 1 2 3 4 5 6 7 8 9 10 11 12 13 14 15 | 15.0
Dodging        | 5 6 7 8 9 10 11 12 13 14 15 16 17 18 | 18.1
Stealth        | 5 6 7 8 9 10 11 12 13 14 15 16 17 18 | 18.0
Spellcasting   | 8 9 10 11 12 13 14 15 16 17 18 | 18.8

Action                     |  1- 3 |  4- 6 |  7- 9 | 10-12 | 13-15 | 16-18 | 19-21 | 22-24 | 25-27 || total
---------------------------+-------+-------+-------+-------+-------+-------+-------+-------+-------++-------
  Melee: Dagger            |     4 |    26 |       |       |       |       |       |       |       ||    30
         Bite              |       |     1 |    13 |    43 |    47 |    81 |   126 |   235 |    96 ||   642
         Labrys            |       |       |    97 |   146 |       |       |       |       |       ||   243
         Long sword        |       |       |       |   155 |   246 |   129 |     8 |       |       ||   538
         Mace              |       |       |       |       |   105 |    24 |   104 |       |       ||   233
         Morningstar       |       |       |       |       |       |   266 |    60 |     5 |     5 ||   336
         Demon blade       |       |       |       |       |       |       |   442 |  1008 |   367 ||  1817
   Fire: Sling             |       |       |       |       |       |       |       |    19 |       ||    19
   Cast: Magic Dart        |    97 |   127 |   224 |    92 |     6 |       |       |       |       ||   546
         Call Imp          |     8 |    12 |    58 |    16 |     1 |     1 |       |       |       ||    96
         Mephitic Cloud    |       |       |    31 |    79 |    16 |       |       |       |       ||   126
         Blink             |       |       |     1 |     1 |       |       |       |       |       ||     2
         Summon Lightning  |       |       |       |    56 |    82 |    29 |    10 |     2 |       ||   179
         Freezing Cloud    |       |       |       |       |   207 |   139 |   107 |    63 |     1 ||   517
         Wereblood         |       |       |       |       |     4 |     5 |     1 |    17 |     6 ||    33
         Irradiate         |       |       |       |       |    20 |    20 |    15 |     8 |     4 ||    67
         Summon Forest     |       |       |       |       |     4 |    57 |    20 |     3 |     4 ||    88
         Passwall          |       |       |       |       |     2 |       |       |       |       ||     2
         Borgnjor's Vile C |       |       |       |       |       |    86 |   187 |    96 |    14 ||   383
         Death Channel     |       |       |       |       |       |    26 |    27 |    20 |     8 ||    81
         Sublimation of Bl |       |       |       |       |       |    12 |    11 |       |       ||    23
         Haunt             |       |       |       |       |       |       |       |   109 |    38 ||   147
         Yara's Violent Un |       |       |       |       |       |       |       |     2 |     1 ||     3
 Invoke: Call Merchant     |       |       |     1 |     1 |     2 |     2 |       |     1 |       ||     7
         Potion Petition   |       |       |       |       |       |       |       |     1 |     3 ||     4
         Bribe Branch      |       |       |       |       |       |       |       |       |     2 ||     2
  Evoke: Wand              |       |       |     1 |     8 |     1 |    14 |     4 |     6 |     4 ||    38
         Sack of spiders   |       |       |       |       |       |       |     2 |     2 |       ||     4
         Lightning rod     |       |       |       |       |       |       |     2 |     5 |       ||     7
         Phantom mirror    |       |       |       |       |       |       |       |     1 |       ||     1
    Use: Scroll            |     2 |     4 |     3 |    11 |    14 |     8 |    12 |     9 |    13 ||    76
         Potion            |       |       |     1 |       |     1 |       |     1 |    15 |     3 ||    21
   Stab: Sleeping          |     1 |       |       |     1 |     1 |     2 |     4 |     4 |     1 ||    14
         Distracted        |     1 |       |       |     3 |    12 |    22 |    21 |    26 |    12 ||    97
         Confused          |       |       |     4 |    32 |     4 |       |       |       |       ||    40
         Invisible         |       |       |       |       |     1 |       |       |       |       ||     1
         Paralysed         |       |       |       |       |       |     2 |     1 |       |       ||     3
 Armour: Robe              |     6 |       |       |       |       |       |       |       |       ||     6
         Leather armour    |     4 |    34 |    80 |   228 |   247 |   306 |   118 |       |       ||  1017
         Quicksilver drago |       |       |       |       |       |       |   247 |   657 |   135 ||  1039
  Dodge: Dodged            |    14 |    36 |   109 |   199 |   303 |   373 |   452 |   610 |   185 ||  2281
  Block: Buckler           |       |       |    12 |   103 |   144 |   221 |   241 |   367 |    94 ||  1182
         Kite shield       |       |       |       |       |       |       |       |       |    47 ||    47

Levels and vault maps discovered:
D:1:      evilmike_arrival_crescent, layout_loops_cross
D:2:      layout_loops_cross, basic_ecumenical_altar, serial_shops,
          nicolae_shop_statue_plus, serial_bayou_pond_a
D:3:      layout_basic, mainiacjoe_overflow_divided_tiny, st_stairs_3,
          small_statue_intersection, amethyst_killhole, chequers_garden,
          nicolae_the_louvre
D:4:      layout_basic, makhleb_heckhound_becter,
          mainiacjoe_overflow_small_starburst, minmay_temple_entry_antechambers
D:5:      minmay_diamond_boxcup, layout_basic
D:6:      layout_loops_ring
D:7:      layout_basic, nicolae_qazlal_style_of_elements,
          mainiacjoe_overflow_six_doors_small,
          chequers_temple_overflow_minitemple, hangedman_feature_mirror,
          glass_columns_a, uniq_crazy_yiuf_cottage, uniq_duvessa, uniq_menkaure
D:8:      layout_gridville, uniq_maurice
D:9:      layout_loops_ring, mainiacjoe_overflow_catwalk, erik_lair_island
D:10:     layout_roguey, general_overflow_altar, nicolae_uskayaw_en_pointe,
          zombieorc2_lemuel, kennysheep_generic_room_13
D:11:     layout_small_grid, zin_treasury
D:12:     layout_small_grid
D:13:     layout_loops_ring
D:14:     layout_cave_pools, hangedman_vaults_entry_quadrant_bands,
          serial_shops, shop, gauntlet_entry_generic,
          hellmonk_ghost_happy_afterlife, led_sif_pool,
          onia_ninara_dug_in_and_dangerous, uniq_lodul
D:15:     hellmonk_depths_entry_around_the_bend, layout_loops_ring,
          nicolae_sextant, kennysheep_pointless_box, kiku_gazebo_garden_becter
Lair:1:   layout_hall_layers, serial_bayou_pond_d, roderic_batcave,
          kennysheep_snail_temple, infiniplex_staircase_pool, lemuel_fruit_tree,
          grunt_megastairs_3, uniq_joseph
Lair:2:   layout_hall_layers, uniq_amaemon
Lair:3:   layout_cave_pods, nicolae_swamp_entry_splash_gauntlet,
          dummy_spider_entry, ebering_ghost_reflecting_pool, uniq_fannar
Lair:4:   gammafunk_mikee_crab_dinner, layout_hall_layers,
          minmay_slime_entry_oklob_enclosed, grunt_megastairs_4, uniq_kirke
Lair:5:   cheibrodos_lair_end_hotspot, layout_cave_pods
Swamp:1:  layout_basic_swamp, nicolae_swamp_little_swirl, uniq_roxanne,
          uniq_donald
Swamp:2:  layout_basic_swamp, nicolae_swamp_some_circles
Swamp:3:  gammafunk_worm_tunnel, layout_basic_swamp, evilmike_swamp_ruin_house_5
Swamp:4:  byrel_swamp_growth_death_and_undeath, layout_basic_swamp,
          nicolae_swamp_oxbows, uniq_mara, uniq_louise
Spider:1: layout_spider_delve, nicolae_spider_moth_buddies
Spider:2: layout_spider_delve
Spider:3: layout_spider_delve
Spider:4: grunt_spider_rune_parallel, drop_trap
Slime:1:  layout_caves, nicolae_slime_phagocytosis
Slime:2:  cheibrodos_slime_lost_civilization_9, layout_caves,
          nicolae_slime_getting_an_eyeful
Slime:3:  layout_caves, cheibrodos_slime_lost_civilization_6
Slime:4:  layout_caves, amcnicky_altar_lugonu_corruption
Slime:5:  slime_pit_nicolae_inversion
Orc:1:    layout_caves, dreamdust_deal_with_the_devil,
          einodemon_armed_red_devil_minivault, uniq_josephine, uniq_nergalle
Orc:2:    grunt_orc_tribal_feast, layout_caves, serial_shops, shop_statue,
          nicolae_shop_gadgets, uniq_jorgrun, uniq_saint_roka, uniq_erolcha
Elf:1:    layout_loops_cross, ebering_ghost_disaster_area, serial_shops,
          nicolae_shop_statue_plus, minmay_elf_sorcery, minmay_shop_grove
Elf:2:    elven_hall_of_blades_hangedman_alternative
          [mumra_blade_entry_bloodbath], layout_rooms, uniq_azrael
Elf:3:    minmay_elf_hall_curves, layout_geoelf_grid, serial_shops, shop_statue
Vaults:1: nicolae_vaults_closet_pinwheel_3, v_misc_27,
          nicolae_vaults_shelves_hall, vaults_dpeg_hooks, v_misc_15,
          nicolae_vaults_little_guard_posts, nicolae_vaults_diamond_2,
          nicolae_vaults_little_squares_4, v_rooms_3, hangedman_vaults_impose,
          vaults_standard_mumra_enter_the_diamond, nicolae_vaults_tangram_1,
          minmay_orc_keep, v_alt_pattern_3, nicolae_vaults_house_1,
          layout_vaults_omnibox, serial_shops,
          nicolae_shop_pleasant_corner_grove
Vaults:2: grunt_vaults_diagonal, vaults_room_fours,
          nicolae_vaults_ninety_degrees, v_misc_8,
          nicolae_vaults_little_squares_3, layout_vaults_omnigrid
Vaults:3: vaults_room_corners, nicolae_vaults_surprise_closet,
          grunt_vaults_funnel, vaults_mumra_lcd,
          minmay_crypt_entry_nasty_monster,
          nicolae_vaults_you_can_take_it_with_you,
          nicolae_vaults_storage_room_glass, nicolae_vaults_shelves_hall,
          nicolae_vaults_bisected_slash, v_misc_18,
          nicolae_vaults_tetromino_L_1, ontoclasm_vaults_loading_screen,
          nicolae_vaults_shelves_hall, layout_vaults_big_room
Vaults:4: hangedman_vaults_stream, vaults_room_stairs_pillars, vaults_room_pool,
          v_rooms_2, vaults_mumra_hex, vaults_room_semicircle,
          nicolae_vaults_closet_pinwheel_6, hangedman_vaults_trim,
          nicolae_vaults_little_squares_1, nicolae_vaults_tetromino_L_1,
          vaults_room_door_ring, nicolae_vaults_network_star,
          nicolae_vaults_prndl, layout_vaults_omnicross
Vaults:5: serial_shops
Depths:1: kennysheep_ambush_hall, layout_cave_shapes,
          chequers_serial_rivers_room_b, hellmouth_1, enter_trove_5,
          nicolae_ashenzari_panopticon, uniq_enchantress
Depths:2: cell_vault, layout_basic, hell_entry, old_standard_altar,
          rand_demon_pan_entry_1, serial_sigils, serial_sigils_hangedman_gnaw,
          serial_sigils_hangedman_stare, serial_sigils_hangedman_carve,
          serial_sigils_hangedman_quiver, serial_sigils_hangedman_etch,
          minmay_misc_feat_hallway, minmay_staircase_bubble
Depths:3: minmay_angry_zag, layout_cross, grunt_hell_entry_dis_grunt,
          abyss_entry, kennysheep_big_empty_room, minmay_multi_spiral,
          infiniplex_staircase_pool_2, serial_bayou_shore_b
Depths:4: evilmike_zot_entry_castle, layout_gridlike, enter_ziggurat_e,
          serial_rivers, chequers_serial_rivers_small_3,
          chequers_serial_rivers_small_a, chequers_serial_rivers_micro_b,
          chequers_serial_rivers_large_a, hell_entry, nicolae_vehumet_radiance
Zot:1:    gammafunk_sealed_arena, layout_basic
Zot:2:    layout_cathedral_of_symmetry, gammafunk_ghost_tricky_traps,
          regret_index_zotdec_ex
Zot:3:    layout_basic, regret_index_zotdec_silver_v_v_orig_slice
Zot:4:    layout_gridville, regret_index_zotdec_serpentine_scales, st_stairs_13
Zot:5:    layout_basic

Notes
Turn   | Place    | Note
-------+----------+-------------------------------------------
     0 | D:1      | MackTheKnife the Gnoll Hedge Wizard began the quest for the
                  | Orb.
     0 | D:1      | Reached XP level 1. HP: 13/13 MP: 8/8
     0 | D:1      | magus.rc [v1.9.6]
   323 | D:1      | Reached skill level 2 in Conjurations
   323 | D:1      | Reached skill level 2 in Summonings
   323 | D:1      | Reached skill level 2 in Translocations
   539 | D:1      | Reached XP level 2. HP: 19/19 MP: 5/10
   542 | D:1      | Learned a level 2 spell: Call Imp
   702 | D:1      | You pick up a book of the Warp and begin reading...
   702 | D:1      | You add the spells Manifold Assault, Dispersal and
                  | Disjunction to your library.
  1113 | D:1      | Learned a level 2 spell: Blink
  1143 | D:2      | Identified the +3 leather armour of the Buccaneer {Fly
                  | rPois}
  1163 | D:2      | Found Cuhoac's Weapon Shoppe.
  1243 | D:2      | Reached XP level 3. HP: 19/25 MP: 4/11
  1477 | D:2      | Reached skill level 1 in Invocations
  1893 | D:2      | Found a faded altar of an unknown god.
  1949 | D:2      | Reached skill level 1 in Fighting
  1949 | D:2      | Reached skill level 1 in Short Blades
  1949 | D:2      | Reached skill level 1 in Long Blades
  1949 | D:2      | Reached skill level 1 in Axes
  1949 | D:2      | Reached skill level 1 in Maces & Flails
  1949 | D:2      | Reached skill level 1 in Polearms
  1949 | D:2      | Reached skill level 1 in Staves
  1949 | D:2      | Reached skill level 1 in Ranged Weapons
  1949 | D:2      | Reached skill level 1 in Throwing
  1949 | D:2      | Reached skill level 1 in Armour
  1949 | D:2      | Reached skill level 1 in Shields
  1949 | D:2      | Reached skill level 1 in Unarmed Combat
  1949 | D:2      | Reached skill level 1 in Evocations
  2272 | D:3      | Noticed a scorpion
  2367 | D:3      | Reached XP level 4. HP: 32/32 MP: 10/13
  2432 | D:3      | Reached skill level 1 in Shapeshifting
  2499 | D:3      | Found a shadowy altar of Dithmenos.
  2500 | D:3      | Found a shimmering blue altar of Sif Muna.
  3332 | D:3      | Reached skill level 1 in Hexes
  3332 | D:3      | Reached skill level 1 in Necromancy
  3332 | D:3      | Reached skill level 1 in Transmutations
  3332 | D:3      | Reached skill level 1 in Fire Magic
  3332 | D:3      | Reached skill level 1 in Ice Magic
  3332 | D:3      | Reached skill level 1 in Air Magic
  3332 | D:3      | Reached skill level 1 in Earth Magic
  3332 | D:3      | Reached skill level 1 in Poison Magic
  3616 | D:4      | Found an opulent altar of Gozag.
  3684 | D:4      | Became a worshipper of Gozag Ym Sagoz the Greedy
  3721 | D:4      | Noticed a phantom
  3798 | D:3      | Killed a scorpion
  3799 | D:3      | Reached XP level 5. HP: 25/37 MP: 0/14
  4033 | D:4      | Found a burning altar of Makhleb.
  4045 | D:4      | Killed a phantom
  4046 | D:4      | Reached skill level 2 in Invocations
  4149 | D:4      | Reached XP level 6. HP: 38/44 MP: 8/16
  4269 | D:4      | Found a staircase to the Ecumenical Temple.
  4287 | D:4      | Noticed an ice beast
  4902 | D:4      | Killed an ice beast
  4903 | D:4      | Reached skill level 2 in Fighting
  4903 | D:4      | Reached skill level 2 in Short Blades
  4903 | D:4      | Reached skill level 2 in Long Blades
  4903 | D:4      | Reached skill level 2 in Axes
  4903 | D:4      | Reached skill level 2 in Maces & Flails
  4903 | D:4      | Reached skill level 2 in Polearms
  4903 | D:4      | Reached skill level 2 in Staves
  4903 | D:4      | Reached skill level 2 in Ranged Weapons
  4903 | D:4      | Reached skill level 2 in Throwing
  4903 | D:4      | Reached skill level 2 in Armour
  4903 | D:4      | Reached skill level 5 in Dodging
  4903 | D:4      | Reached skill level 2 in Shields
  4903 | D:4      | Reached skill level 2 in Unarmed Combat
  4903 | D:4      | Reached skill level 2 in Evocations
  5077 | D:5      | Entered Level 5 of the Dungeon
  5166 | D:5      | Reached skill level 2 in Shapeshifting
  5166 | D:5      | Reached XP level 7. HP: 38/50 MP: 0/18
  5325 | D:5      | Reached skill level 2 in Hexes
  5325 | D:5      | Reached skill level 2 in Necromancy
  5325 | D:5      | Reached skill level 2 in Transmutations
  5325 | D:5      | Reached skill level 2 in Fire Magic
  5325 | D:5      | Reached skill level 2 in Ice Magic
  5325 | D:5      | Reached skill level 2 in Air Magic
  5325 | D:5      | Reached skill level 2 in Earth Magic
  5325 | D:5      | Reached skill level 2 in Poison Magic
  5627 | D:5      | Found the +4 consecrated labrys {holy, Valiant Fragile Fly
                  | SInv}
  5663 | D:5      | Learned a level 3 spell: Mephitic Cloud
  5714 | D:5      | Reached skill level 3 in Conjurations
  5714 | D:5      | Reached skill level 3 in Summonings
  5714 | D:5      | Reached skill level 3 in Translocations
  5805 | D:5      | Reached skill level 5 in Stealth
  6003 | D:5      | Reached skill level 3 in Invocations
  6455 | D:5      | Reached XP level 8. HP: 57/57 MP: 14/19
  6511 | D:5      | Reached skill level 3 in Fighting
  6511 | D:5      | Reached skill level 3 in Short Blades
  6511 | D:5      | Reached skill level 3 in Long Blades
  6511 | D:5      | Reached skill level 3 in Axes
  6511 | D:5      | Reached skill level 3 in Maces & Flails
  6511 | D:5      | Reached skill level 3 in Polearms
  6511 | D:5      | Reached skill level 3 in Staves
  6511 | D:5      | Reached skill level 3 in Ranged Weapons
  6511 | D:5      | Reached skill level 3 in Throwing
  6511 | D:5      | Reached skill level 3 in Armour
  6511 | D:5      | Reached skill level 3 in Shields
  6511 | D:5      | Reached skill level 3 in Unarmed Combat
  6511 | D:5      | Reached skill level 3 in Evocations
  7138 | D:6      | Reached skill level 3 in Shapeshifting
  7184 | D:6      | Reached skill level 8 in Spellcasting
  7372 | D:6      | Reached skill level 4 in Invocations
  7507 | D:6      | Reached skill level 3 in Hexes
  7507 | D:6      | Reached skill level 3 in Necromancy
  7507 | D:6      | Reached skill level 3 in Transmutations
  7507 | D:6      | Reached skill level 3 in Fire Magic
  7507 | D:6      | Reached skill level 3 in Ice Magic
  7507 | D:6      | Reached skill level 3 in Air Magic
  7507 | D:6      | Reached skill level 3 in Earth Magic
  7507 | D:6      | Reached skill level 3 in Poison Magic
  7513 | D:6      | Reached skill level 6 in Dodging
  7788 | D:6      | Reached XP level 9. HP: 65/65 MP: 16/21
  8121 | D:6      | Reached skill level 4 in Fighting
  8121 | D:6      | Reached skill level 4 in Short Blades
  8121 | D:6      | Reached skill level 4 in Long Blades
  8121 | D:6      | Reached skill level 4 in Axes
  8121 | D:6      | Reached skill level 4 in Maces & Flails
  8121 | D:6      | Reached skill level 4 in Polearms
  8121 | D:6      | Reached skill level 4 in Staves
  8121 | D:6      | Reached skill level 4 in Ranged Weapons
  8121 | D:6      | Reached skill level 4 in Throwing
  8121 | D:6      | Reached skill level 4 in Armour
  8121 | D:6      | Reached skill level 4 in Shields
  8121 | D:6      | Reached skill level 4 in Unarmed Combat
  8121 | D:6      | Reached skill level 4 in Conjurations
  8121 | D:6      | Reached skill level 4 in Summonings
  8121 | D:6      | Reached skill level 4 in Translocations
  8121 | D:6      | Reached skill level 4 in Evocations
  9009 | D:7      | Found a burning altar of Makhleb.
  9062 | D:7      | Reached skill level 6 in Stealth
  9161 | D:7      | Noticed Duvessa
  9177 | D:7      | Found an ornate altar of the Wu Jian Council.
  9332 | D:7      | Found a broken altar of Ashenzari.
  9563 | D:7      | You pick up a book of Cantrips and begin reading...
  9563 | D:7      | You add the spells Necrotise, Summon Small Mammal and
                  | Apportation to your library.
  9793 | D:7      | Reached skill level 4 in Shapeshifting
  9815 | D:7      | Killed Duvessa
  9854 | D:7      | Noticed Dowan
  9856 | D:7      | Killed Dowan
  9915 | D:7      | Noticed Menkaure
 10089 | D:7      | Killed Menkaure
 10090 | D:7      | Reached skill level 5 in Invocations
 10630 | D:7      | Found a stormy altar of Qazlal.
 10654 | D:7      | Found a runed translucent door.
 10655 | D:7      | Noticed Crazy Yiuf
 10772 | D:7      | Found a snail-covered altar of Cheibriados.
 10772 | D:7      | Found a shimmering altar of Xom.
 10824 | D:7      | Killed Crazy Yiuf
 10895 | D:7      | Found a blossoming altar of Fedhas.
 10897 | D:7      | Found a hazy altar of Hepliaklqana.
 10899 | D:7      | Found a sparkling altar of Nemelex Xobeh.
 11148 | D:8      | an acid dragon changed into a rime drake
 11148 | D:8      | Noticed a rime drake
 11159 | D:8      | Killed a rime drake
 11160 | D:8      | Reached skill level 4 in Hexes
 11160 | D:8      | Reached skill level 4 in Necromancy
 11160 | D:8      | Reached skill level 4 in Transmutations
 11160 | D:8      | Reached skill level 4 in Fire Magic
 11160 | D:8      | Reached skill level 4 in Ice Magic
 11160 | D:8      | Reached skill level 4 in Air Magic
 11160 | D:8      | Reached skill level 4 in Earth Magic
 11160 | D:8      | Reached skill level 4 in Poison Magic
 11160 | D:8      | Reached XP level 10. HP: 73/73 MP: 10/22
 11341 | D:8      | You pick up a book of Storms and begin reading...
 11341 | D:8      | You add the spells Static Discharge, Airstrike and Summon
                  | Lightning Spire to your library.
 11449 | D:8      | Noticed Maurice
 11473 | D:8      | Killed Maurice
 11474 | D:8      | Reached skill level 5 in Fighting
 11474 | D:8      | Reached skill level 5 in Short Blades
 11474 | D:8      | Reached skill level 5 in Long Blades
 11474 | D:8      | Reached skill level 5 in Axes
 11474 | D:8      | Reached skill level 5 in Maces & Flails
 11474 | D:8      | Reached skill level 5 in Polearms
 11474 | D:8      | Reached skill level 5 in Staves
 11474 | D:8      | Reached skill level 5 in Ranged Weapons
 11474 | D:8      | Reached skill level 5 in Throwing
 11474 | D:8      | Reached skill level 5 in Armour
 11474 | D:8      | Reached skill level 5 in Shields
 11474 | D:8      | Reached skill level 5 in Unarmed Combat
 11474 | D:8      | Reached skill level 5 in Evocations
 12509 | D:8      | You pick up a book of Sloth and begin reading...
 12509 | D:8      | You add the spells Frozen Ramparts, Petrify and Metabolic
                  | Englaciation to your library.
 12530 | D:8      | Learned a level 3 spell: Frozen Ramparts
 12535 | D:8      | Learned a level 4 spell: Summon Lightning Spire
 12609 | D:9      | Reached skill level 7 in Dodging
 12648 | D:9      | Reached skill level 9 in Spellcasting
 12872 | D:9      | Reached skill level 5 in Conjurations
 12872 | D:9      | Reached skill level 5 in Summonings
 12872 | D:9      | Reached skill level 5 in Translocations
 12878 | D:9      | Reached skill level 6 in Invocations
 12878 | D:9      | Reached skill level 5 in Shapeshifting
 12936 | D:9      | Reached skill level 7 in Stealth
 12982 | D:9      | Found an ancient bone altar of Kikubaaqudgha.
 13448 | D:9      | Found a staircase to the Lair.
 13917 | D:10     | Entered Level 10 of the Dungeon
 13954 | D:10     | Noticed a gargoyle
 14001 | Lair:1   | Entered Level 1 of the Lair of Beasts
 14174 | D:9      | Reached XP level 11. HP: 67/81 MP: 21/24
 14176 | D:9      | Reached skill level 6 in Fighting
 14176 | D:9      | Reached skill level 6 in Short Blades
 14176 | D:9      | Reached skill level 6 in Long Blades
 14176 | D:9      | Reached skill level 6 in Axes
 14176 | D:9      | Reached skill level 6 in Maces & Flails
 14176 | D:9      | Reached skill level 6 in Polearms
 14176 | D:9      | Reached skill level 6 in Staves
 14176 | D:9      | Reached skill level 6 in Ranged Weapons
 14176 | D:9      | Reached skill level 6 in Throwing
 14176 | D:9      | Reached skill level 6 in Armour
 14176 | D:9      | Reached skill level 6 in Shields
 14176 | D:9      | Reached skill level 6 in Unarmed Combat
 14176 | D:9      | Reached skill level 6 in Evocations
 14250 | D:9      | Reached skill level 5 in Hexes
 14250 | D:9      | Reached skill level 5 in Necromancy
 14250 | D:9      | Reached skill level 5 in Transmutations
 14250 | D:9      | Reached skill level 5 in Fire Magic
 14250 | D:9      | Reached skill level 5 in Ice Magic
 14250 | D:9      | Reached skill level 5 in Air Magic
 14250 | D:9      | Reached skill level 5 in Earth Magic
 14250 | D:9      | Reached skill level 5 in Poison Magic
 14476 | D:9      | HP: 18/81 [torpor snail (19)]
 14481 | D:9      | HP: 9/81 [torpor snail (11)]
 14946 | Lair:1   | You pick up a book of Air and begin reading...
 14946 | Lair:1   | You add the spells Shock and Swiftness to your library.
 15323 | Lair:1   | Identified the +6 long sword of Internal Strife {elec,
                  | Dex+3}
 15344 | Lair:1   | Reached skill level 7 in Invocations
 15366 | Lair:1   | Reached skill level 8 in Dodging
 15413 | Lair:1   | Found a snail-covered altar of Cheibriados.
 15469 | Lair:1   | Noticed Joseph
 15489 | Lair:1   | Killed Joseph
 15521 | Lair:1   | You pick up a book of Vapours and begin reading...
 15521 | Lair:1   | You add the spells Poisonous Vapours and Freezing Cloud to
                  | your library.
 15763 | Lair:1   | Identified the +6 mace of Expedience {holy, Fly rC- Will++
                  | Str+8}
 15860 | Lair:1   | Reached skill level 6 in Shapeshifting
 15890 | Lair:1   | Reached skill level 6 in Conjurations
 15890 | Lair:1   | Reached skill level 6 in Summonings
 15890 | Lair:1   | Reached skill level 6 in Translocations
 16190 | Lair:1   | magus.rc [v1.9.6]
 16281 | Lair:2   | Reached skill level 8 in Stealth
 16337 | Lair:2   | Paralysed by a hornet for 1 turns
 16345 | Lair:2   | Reached skill level 10 in Spellcasting
 16538 | Lair:2   | Reached XP level 12. HP: 75/89 MP: 17/26
 16596 | Lair:2   | You pick up a book of Cantrips and begin reading...
 16687 | Lair:2   | Reached skill level 7 in Fighting
 16687 | Lair:2   | Reached skill level 7 in Short Blades
 16687 | Lair:2   | Reached skill level 7 in Long Blades
 16687 | Lair:2   | Reached skill level 7 in Axes
 16687 | Lair:2   | Reached skill level 7 in Maces & Flails
 16687 | Lair:2   | Reached skill level 7 in Polearms
 16687 | Lair:2   | Reached skill level 7 in Staves
 16687 | Lair:2   | Reached skill level 7 in Ranged Weapons
 16687 | Lair:2   | Reached skill level 7 in Throwing
 16687 | Lair:2   | Reached skill level 7 in Armour
 16687 | Lair:2   | Reached skill level 7 in Shields
 16687 | Lair:2   | Reached skill level 7 in Unarmed Combat
 16687 | Lair:2   | Reached skill level 7 in Evocations
 16742 | Lair:2   | Noticed Amaemon
 16753 | Lair:2   | Killed Amaemon
 17056 | Lair:2   | You pick up a book of Storms and begin reading...
 17360 | Lair:3   | Noticed Fannar
 17440 | Lair:2   | Reached skill level 6 in Hexes
 17440 | Lair:2   | Reached skill level 6 in Necromancy
 17440 | Lair:2   | Reached skill level 6 in Transmutations
 17440 | Lair:2   | Reached skill level 6 in Fire Magic
 17440 | Lair:2   | Reached skill level 6 in Ice Magic
 17440 | Lair:2   | Reached skill level 6 in Air Magic
 17440 | Lair:2   | Reached skill level 6 in Earth Magic
 17440 | Lair:2   | Reached skill level 6 in Poison Magic
 17717 | Lair:3   | Reached skill level 8 in Invocations
 18206 | Lair:3   | Noticed a five-headed hydra
 18238 | Lair:3   | Killed a five-headed hydra
 18309 | Lair:3   | You pick up a book of Alchemy and begin reading...
 18309 | Lair:3   | You add the spells Sublimation of Blood and Irradiate to
                  | your library.
 18433 | Lair:3   | You pick up a book of Changes and begin reading...
 18452 | Lair:3   | Learned a level 2 spell: Wereblood
 18501 | Lair:3   | Reached skill level 9 in Dodging
 18570 | Lair:3   | Reached skill level 7 in Shapeshifting
 18583 | Lair:3   | Killed Fannar
 18693 | Lair:3   | Found a runed translucent door.
 18696 | Lair:3   | Noticed Vuwiesed's ghost (journeyman DsSh)
 18795 | Lair:3   | Found a hole to the Spider Nest.
 18919 | Lair:3   | Found a staircase to the Swamp.
 19380 | Lair:4   | Noticed a skyshark
 19381 | Lair:4   | Reached skill level 9 in Stealth
 19393 | Lair:4   | Noticed a five-headed hydra
 19401 | Lair:3   | Reached skill level 7 in Conjurations
 19401 | Lair:3   | Reached skill level 7 in Summonings
 19401 | Lair:3   | Reached skill level 7 in Translocations
 19543 | Lair:3   | Reached skill level 8 in Fighting
 19543 | Lair:3   | Reached skill level 8 in Short Blades
 19543 | Lair:3   | Reached skill level 8 in Long Blades
 19543 | Lair:3   | Reached skill level 8 in Axes
 19543 | Lair:3   | Reached skill level 8 in Maces & Flails
 19543 | Lair:3   | Reached skill level 8 in Polearms
 19543 | Lair:3   | Reached skill level 8 in Staves
 19543 | Lair:3   | Reached skill level 8 in Ranged Weapons
 19543 | Lair:3   | Reached skill level 8 in Throwing
 19543 | Lair:3   | Reached skill level 8 in Armour
 19543 | Lair:3   | Reached skill level 8 in Shields
 19543 | Lair:3   | Reached skill level 8 in Unarmed Combat
 19543 | Lair:3   | Reached skill level 8 in Evocations
 19543 | Lair:3   | Reached XP level 13. HP: 47/98 MP: 12/27
 19855 | Lair:4   | Reached skill level 9 in Invocations
 19915 | Lair:4   | Noticed Kirke
 20095 | Lair:4   | Found a runed translucent door.
 20278 | Lair:4   | Reached skill level 11 in Spellcasting
 20616 | Lair:4   | Found a staircase to the Slime Pits.
 20774 | Lair:5   | Entered Level 5 of the Lair of Beasts
 21002 | Lair:4   | Killed Kirke
 21003 | Lair:4   | Reached skill level 7 in Hexes
 21003 | Lair:4   | Reached skill level 7 in Necromancy
 21003 | Lair:4   | Reached skill level 7 in Transmutations
 21003 | Lair:4   | Reached skill level 7 in Fire Magic
 21003 | Lair:4   | Reached skill level 7 in Ice Magic
 21003 | Lair:4   | Reached skill level 7 in Air Magic
 21003 | Lair:4   | Reached skill level 7 in Earth Magic
 21003 | Lair:4   | Reached skill level 7 in Poison Magic
 21622 | Lair:5   | Learned a level 5 spell: Freezing Cloud
 22057 | Lair:4   | Bought the ring "Fusakik" {rC+ Int+5 Dex+3} for 732 gold
                  | pieces
 22057 | Lair:4   | Bought an amulet of magic regeneration for 450 gold pieces
 22128 | Lair:5   | Reached skill level 8 in Shapeshifting
 22188 | Lair:5   | Reached skill level 10 in Dodging
 22539 | Lair:5   | You pick up a book of Geomancy and begin reading...
 22539 | Lair:5   | You add the spells Sandblast, Passwall, Stone Arrow and
                  | Brom's Barrelling Boulder to your library.
 22598 | Lair:5   | Reached skill level 9 in Fighting
 22598 | Lair:5   | Reached skill level 9 in Short Blades
 22598 | Lair:5   | Reached skill level 9 in Long Blades
 22598 | Lair:5   | Reached skill level 9 in Axes
 22598 | Lair:5   | Reached skill level 9 in Maces & Flails
 22598 | Lair:5   | Reached skill level 9 in Polearms
 22598 | Lair:5   | Reached skill level 9 in Staves
 22598 | Lair:5   | Reached skill level 9 in Ranged Weapons
 22598 | Lair:5   | Reached skill level 9 in Throwing
 22598 | Lair:5   | Reached skill level 9 in Armour
 22598 | Lair:5   | Reached skill level 9 in Shields
 22598 | Lair:5   | Reached skill level 9 in Unarmed Combat
 22598 | Lair:5   | Reached skill level 9 in Evocations
 22598 | Lair:5   | Reached XP level 14. HP: 101/108 MP: 21/29
 22739 | Lair:5   | Reached skill level 10 in Stealth
 22759 | Lair:5   | Found a large runed translucent door.
 22759 | Lair:5   | Found a large runed translucent door.
 23467 | Lair:5   | Reached skill level 10 in Invocations
 23615 | Lair:5   | Reached skill level 8 in Conjurations
 23615 | Lair:5   | Reached skill level 8 in Summonings
 23615 | Lair:5   | Reached skill level 8 in Translocations
 24339 | D:10     | Found a staircase to the Orcish Mines.
 24698 | D:10     | Found a hide-covered altar of Uskayaw.
 25073 | D:10     | Found a basalt altar of Yredelemnul.
 25275 | Orc:1    | Entered Level 1 of the Orcish Mines
 25372 | Orc:1    | Noticed Nergalle
 25380 | Orc:1    | Killed Nergalle
 25695 | Orc:1    | Learned a level 5 spell: Irradiate
 25929 | Orc:2    | Entered Level 2 of the Orcish Mines
 26111 | Orc:2    | Found a staircase to the Elven Halls.
 26154 | Orc:2    | Found Burat's Gadget Gallery.
 26170 | Orc:1    | Noticed Josephine
 26170 | Orc:1    | Found the +8 demon blade "Leech" {evervamp, Harm Drain rN+}
 26176 | Orc:1    | Killed Josephine
 26932 | Orc:2    | Reached skill level 8 in Hexes
 26932 | Orc:2    | Reached skill level 8 in Necromancy
 26932 | Orc:2    | Reached skill level 8 in Transmutations
 26932 | Orc:2    | Reached skill level 8 in Fire Magic
 26932 | Orc:2    | Reached skill level 8 in Ice Magic
 26932 | Orc:2    | Reached skill level 8 in Air Magic
 26932 | Orc:2    | Reached skill level 8 in Earth Magic
 26932 | Orc:2    | Reached skill level 8 in Poison Magic
 27143 | Orc:2    | Found Eskus's Antique Weapon Emporium.
 27143 | Orc:2    | Found Vore's Jewellery Shop.
 27147 | Orc:2    | Found Gyr Ytte's Distillery.
 27147 | Orc:2    | Found Xaumpune's Antique Armour Shop.
 27184 | Orc:2    | Bought a pair of runed gloves for 225 gold pieces
 27190 | Orc:2    | Bought a potion of heal wounds for 55 gold pieces
 27190 | Orc:2    | Bought a potion of invisibility for 88 gold pieces
 27190 | Orc:2    | Bought a potion of cancellation for 88 gold pieces
 27248 | Orc:2    | Bought a bloodstained mace for 272 gold pieces
 27248 | Orc:2    | Identified the +10 mace of the Establishment {venom, rPois
                  | rCorr Dex+3} (You bought it in a shop on level 2 of the
                  | Orcish Mines)
 27252 | Orc:2    | Bought a potion of invisibility for 88 gold pieces
 27252 | Orc:2    | Bought a potion of cancellation for 88 gold pieces
 27252 | Orc:2    | Bought a potion of cancellation for 88 gold pieces
 27255 | Orc:2    | Bought a +6 ring of dexterity for 468 gold pieces
 27438 | Orc:2    | Noticed Saint Roka
 27441 | Orc:2    | Noticed Erolcha
 27447 | Orc:2    | Killed Erolcha
 27581 | Orc:2    | Reached skill level 12 in Spellcasting
 28040 | D:11     | Reached skill level 9 in Shapeshifting
 28676 | D:11     | Found a glowing silver altar of Zin.
 28732 | D:11     | magus.rc [v1.9.6]
 28930 | D:12     | You pick up a book of the Senses and begin reading...
 28930 | D:12     | You add the spells Dazzling Flash, Agony and Silence to
                  | your library.
 28948 | D:12     | Reached XP level 15. HP: 107/115 MP: 19/31
 29026 | D:12     | You pick up a book of Winter and begin reading...
 29188 | D:12     | You pick up a book of the Senses and begin reading...
 29772 | D:12     | Bought a faintly glowing helmet for 370 gold pieces
 29772 | D:12     | Identified the +0 helmet of the Pits of Slime {rPois rN+}
                  | (You bought it in a shop on level 12 of the Dungeon)
 29788 | D:13     | Reached skill level 11 in Dodging
 29853 | D:13     | Reached skill level 10 in Fighting
 29853 | D:13     | Reached skill level 10 in Short Blades
 29853 | D:13     | Reached skill level 10 in Long Blades
 29853 | D:13     | Reached skill level 10 in Axes
 29853 | D:13     | Reached skill level 10 in Maces & Flails
 29853 | D:13     | Reached skill level 10 in Polearms
 29853 | D:13     | Reached skill level 10 in Staves
 29853 | D:13     | Reached skill level 10 in Ranged Weapons
 29853 | D:13     | Reached skill level 10 in Throwing
 29853 | D:13     | Reached skill level 10 in Armour
 29853 | D:13     | Reached skill level 10 in Shields
 29853 | D:13     | Reached skill level 10 in Unarmed Combat
 29853 | D:13     | Reached skill level 10 in Evocations
 30160 | D:13     | Reached skill level 11 in Invocations
 30602 | D:14     | Found Soykad's Magic Scroll Boutique.
 30614 | D:14     | Reached skill level 11 in Stealth
 30647 | D:14     | Noticed Lodul
 30653 | D:14     | Found a gate leading to a gauntlet.
 30654 | D:14     | Killed Lodul
 30665 | Gauntlet | Entered a Gauntlet
 30665 | Gauntlet | Found a transporter.
 30665 | Gauntlet | Found a transporter.
 30665 | Gauntlet | Found a transporter.
 30708 | Gauntlet | Found a transporter.
 30718 | Gauntlet | Found a transporter.
 30720 | Gauntlet | Found a transporter.
 30732 | Gauntlet | Found a transporter.
 30750 | Gauntlet | Found a transporter.
 30765 | Gauntlet | Found a transporter.
 30768 | Gauntlet | Found a transporter.
 30776 | Gauntlet | Found a transporter.
 30779 | Gauntlet | Found a transporter.
 31057 | Gauntlet | Identified a scroll of acquirement
 31058 | Gauntlet | Acquired 938 gold pieces
 31079 | Gauntlet | Identified the +1 robe of Ohajell {Rampage rF+++ Will-
                  | Archmagi}
 31109 | Gauntlet | You add the spells Haunt, Borgnjor's Revivification and
                  | Death's Door to your library.
 31111 | Gauntlet | Identified the ring of Qemumy {Fire rElec rPois}
 31218 | Gauntlet | Gained mutation: You are partially covered in iridescent
                  | scales. (AC +2) [mutagenic glow]
 31316 | Gauntlet | You pick up a book of Iron and begin reading...
 31316 | Gauntlet | You add the spells Animate Armour and Lee's Rapid
                  | Deconstruction to your library.
 31571 | D:14     | Reached skill level 9 in Conjurations
 31571 | D:14     | Reached skill level 9 in Summonings
 31571 | D:14     | Reached skill level 9 in Translocations
 31797 | D:14     | Found a gate to the Vaults.
 32369 | D:14     | Found a shimmering blue altar of Sif Muna.
 32389 | D:14     | Found a runed translucent door.
 32389 | D:14     | Noticed Sauxt's ghost (journeyman GrEE)
 32541 | D:15     | Entered Level 15 of the Dungeon
 32643 | D:15     | Found an ancient bone altar of Kikubaaqudgha.
 33129 | D:15     | Found a staircase to the Depths.
 33736 | D:14     | Learned a level 2 spell: Passwall
 33742 | D:14     | You add the spells Summon Forest, Eringya's Noxious Bog and
                  | Summon Hydra to your library.
 33751 | D:14     | Learned a level 5 spell: Summon Forest
 33847 | D:13     | Learned a level 2 spell: Sublimation of Blood
 34024 | Swamp:1  | Entered Level 1 of the Swamp
 34025 | Swamp:1  | magus.rc [v1.9.6]
 34473 | Swamp:1  | Reached skill level 9 in Hexes
 34473 | Swamp:1  | Reached skill level 9 in Necromancy
 34473 | Swamp:1  | Reached skill level 9 in Transmutations
 34473 | Swamp:1  | Reached skill level 9 in Fire Magic
 34473 | Swamp:1  | Reached skill level 9 in Ice Magic
 34473 | Swamp:1  | Reached skill level 9 in Air Magic
 34473 | Swamp:1  | Reached skill level 9 in Earth Magic
 34473 | Swamp:1  | Reached skill level 9 in Poison Magic
 34626 | Swamp:1  | Reached XP level 16. HP: 124/124 MP: 22/32
 34843 | Swamp:1  | Noticed Donald
 34894 | Swamp:1  | Killed Donald
 34895 | Swamp:1  | Reached skill level 10 in Shapeshifting
 35430 | Swamp:1  | Reached skill level 11 in Fighting
 35430 | Swamp:1  | Reached skill level 11 in Short Blades
 35430 | Swamp:1  | Reached skill level 11 in Long Blades
 35430 | Swamp:1  | Reached skill level 11 in Axes
 35430 | Swamp:1  | Reached skill level 11 in Maces & Flails
 35430 | Swamp:1  | Reached skill level 11 in Polearms
 35430 | Swamp:1  | Reached skill level 11 in Staves
 35430 | Swamp:1  | Reached skill level 11 in Ranged Weapons
 35430 | Swamp:1  | Reached skill level 11 in Throwing
 35430 | Swamp:1  | Reached skill level 11 in Armour
 35430 | Swamp:1  | Reached skill level 11 in Shields
 35430 | Swamp:1  | Reached skill level 11 in Unarmed Combat
 35430 | Swamp:1  | Reached skill level 13 in Spellcasting
 35430 | Swamp:1  | Reached skill level 11 in Evocations
 35496 | Swamp:1  | You pick up a book of Cantrips and begin reading...
 35513 | Swamp:1  | Acquired the amulet of the First Allies {Spirit rF+ rN++}
 35624 | Swamp:1  | Noticed Roxanne
 35909 | Swamp:2  | Identified the of Xaagg
 35909 | Swamp:2  | Noticed a fenstrider witch
 35938 | Swamp:2  | Reached skill level 12 in Invocations
 35941 | Swamp:2  | Killed a fenstrider witch
 36066 | Swamp:2  | You add the spells Conjure Ball Lightning and Summon Cactus
                  | Giant to your library.
 36083 | Swamp:2  | Reached skill level 12 in Dodging
 36196 | Swamp:2  | Noticed a thorn hunter
 36207 | Swamp:2  | Killed a thorn hunter
 36363 | Swamp:2  | You pick up a book of Unlife and begin reading...
 36363 | Swamp:2  | You add the spells Borgnjor's Vile Clutch and Death Channel
                  | to your library.
 36372 | Swamp:2  | Learned a level 5 spell: Borgnjor's Vile Clutch
 36497 | Swamp:2  | Reached skill level 12 in Stealth
 37084 | Swamp:2  | You are sucked into a shaft and drop 1 floor!
 37084 | Swamp:3  | Noticed a fenstrider witch
 37084 | Swamp:3  | Noticed a tentacled monstrosity
 37093 | Swamp:3  | Killed a fenstrider witch
 37106 | Swamp:3  | Killed a tentacled monstrosity
 37311 | Swamp:3  | Found a transporter.
 37340 | Swamp:3  | You pick up a book of the Spheres and begin reading...
 37340 | Swamp:3  | You add the spells Iskenderun's Battlesphere, Fireball and
                  | Orb of Destruction to your library.
 37387 | Swamp:3  | Found a transporter.
 38047 | Swamp:3  | You pick up a book of Blasting and begin reading...
 38047 | Swamp:3  | You add the spells Volatile Blastmotes, Fulminant Prism and
                  | Iskenderun's Mystic Blast to your library.
 38511 | Swamp:2  | Identified the +4 morningstar of Karma {pain, Int+4 SInv
                  | Stlth+}
 38595 | Swamp:3  | Reached skill level 10 in Conjurations
 38595 | Swamp:3  | Reached skill level 10 in Summonings
 38595 | Swamp:3  | Reached skill level 10 in Translocations
 38908 | Swamp:3  | Identified the ring "Payl" {rPois rCorr Int+4 SInv}
 38913 | Swamp:3  | Identified the -1 pair of boots of Nyfueseam {Str+3}
 38978 | Swamp:4  | Entered Level 4 of the Swamp
 39148 | Swamp:4  | Reached XP level 17. HP: 131/131 MP: 28/34
 39194 | Swamp:4  | You pick up a book of Decay and begin reading...
 39281 | Swamp:4  | Noticed Louise
 39290 | Swamp:4  | Noticed Mara
 39291 | Swamp:4  | Killed Louise
 39655 | Swamp:4  | Killed Mara
 40051 | Swamp:4  | Reached skill level 10 in Hexes
 40051 | Swamp:4  | Reached skill level 10 in Necromancy
 40051 | Swamp:4  | Reached skill level 10 in Transmutations
 40051 | Swamp:4  | Reached skill level 10 in Fire Magic
 40051 | Swamp:4  | Reached skill level 10 in Ice Magic
 40051 | Swamp:4  | Reached skill level 10 in Air Magic
 40051 | Swamp:4  | Reached skill level 10 in Earth Magic
 40051 | Swamp:4  | Reached skill level 10 in Poison Magic
 40983 | Swamp:4  | Reached skill level 11 in Shapeshifting
 41064 | Swamp:4  | Reached skill level 13 in Invocations
 41142 | Swamp:4  | Reached skill level 12 in Fighting
 41142 | Swamp:4  | Reached skill level 12 in Short Blades
 41142 | Swamp:4  | Reached skill level 12 in Long Blades
 41142 | Swamp:4  | Reached skill level 12 in Axes
 41142 | Swamp:4  | Reached skill level 12 in Maces & Flails
 41142 | Swamp:4  | Reached skill level 12 in Polearms
 41142 | Swamp:4  | Reached skill level 12 in Staves
 41142 | Swamp:4  | Reached skill level 12 in Ranged Weapons
 41142 | Swamp:4  | Reached skill level 12 in Throwing
 41142 | Swamp:4  | Reached skill level 12 in Armour
 41142 | Swamp:4  | Reached skill level 12 in Shields
 41142 | Swamp:4  | Reached skill level 12 in Unarmed Combat
 41142 | Swamp:4  | Reached skill level 12 in Evocations
 41328 | Swamp:4  | Found a basalt altar of Yredelemnul.
 41346 | Swamp:4  | Got a decaying rune of Zot
 41367 | Swamp:4  | Found a blossoming altar of Fedhas.
 41732 | Swamp:4  | Bought 3 scrolls of teleportation for 171 gold pieces
 41739 | Swamp:4  | Learned a level 6 spell: Death Channel
 41811 | Lair:3   | magus.rc [v1.9.6]
 41842 | Spider:1 | Entered Level 1 of the Spider Nest
 42852 | Spider:2 | Reached skill level 13 in Dodging
 42852 | Spider:2 | Reached skill level 14 in Spellcasting
 43633 | Spider:2 | Reached XP level 18. HP: 140/140 MP: 22/36
 43637 | Spider:2 | Identified the ring "Aqithroha" {rPois Will+ Dex+3}
 44122 | Spider:3 | Reached skill level 13 in Stealth
 44843 | Spider:4 | Entered Level 4 of the Spider Nest
 46301 | Spider:4 | Reached skill level 11 in Conjurations
 46301 | Spider:4 | Reached skill level 11 in Summonings
 46301 | Spider:4 | Reached skill level 11 in Translocations
 46632 | Spider:4 | Got a gossamer rune of Zot
 46705 | Spider:4 | You pick up a book of Misfortune and begin reading...
 46705 | Spider:4 | You add the spells Inner Flame, Yara's Violent Unravelling
                  | and Enfeeble to your library.
 47240 | Orc:2    | Killed Saint Roka
 47535 | Orc:2    | Found Saassid's Assorted Antiques.
 47545 | Orc:2    | Bought a scroll of acquirement for 1612 gold pieces
 47545 | Orc:2    | Bought a potion of heal wounds for 155 gold pieces
 47552 | Orc:2    | Acquired the +0 pair of boots of the Desert {rPois rN++
                  | Dex+3}
 47651 | Orc:2    | Noticed Jorgrun
 47661 | Orc:2    | Killed Jorgrun
 47879 | Orc:2    | Bought a lightning rod (4/4) for 680 gold pieces
 47879 | Orc:2    | Bought a sack of spiders for 680 gold pieces
 48011 | Vaults:1 | Entered Level 1 of the Vaults
 48284 | Vaults:1 | Reached skill level 14 in Invocations
 48662 | Vaults:1 | Reached skill level 11 in Hexes
 48662 | Vaults:1 | Reached skill level 11 in Necromancy
 48662 | Vaults:1 | Reached skill level 11 in Transmutations
 48662 | Vaults:1 | Reached skill level 11 in Fire Magic
 48662 | Vaults:1 | Reached skill level 11 in Ice Magic
 48662 | Vaults:1 | Reached skill level 11 in Air Magic
 48662 | Vaults:1 | Reached skill level 11 in Earth Magic
 48662 | Vaults:1 | Reached skill level 11 in Poison Magic
 48749 | Vaults:1 | Reached skill level 13 in Fighting
 48749 | Vaults:1 | Reached skill level 13 in Short Blades
 48749 | Vaults:1 | Reached skill level 13 in Long Blades
 48749 | Vaults:1 | Reached skill level 13 in Axes
 48749 | Vaults:1 | Reached skill level 13 in Maces & Flails
 48749 | Vaults:1 | Reached skill level 13 in Polearms
 48749 | Vaults:1 | Reached skill level 13 in Staves
 48749 | Vaults:1 | Reached skill level 13 in Ranged Weapons
 48749 | Vaults:1 | Reached skill level 13 in Throwing
 48749 | Vaults:1 | Reached skill level 13 in Armour
 48749 | Vaults:1 | Reached skill level 13 in Shields
 48749 | Vaults:1 | Reached skill level 13 in Unarmed Combat
 48749 | Vaults:1 | Reached skill level 13 in Evocations
 48754 | Vaults:1 | Reached skill level 12 in Shapeshifting
 48754 | Vaults:1 | Reached XP level 19. HP: 108/149 MP: 5/37
 49598 | Vaults:1 | Found Datyorah's Assorted Antiques.
 49779 | Vaults:1 | You pick up a book of Party Tricks and begin reading...
 49779 | Vaults:1 | You add the spells Jinxbite and Alistair's Intoxication to
                  | your library.
 50026 | Vaults:1 | You pick up a book of Geomancy and begin reading...
 50459 | Vaults:4 | Identified the of Lipex
 50459 | Vaults:5 | Identified the of Qynown
 50459 | Crypt:3  | Identified the "Kuidegeh"
 50459 | Depths:1 | Identified the "Ohaboed"
 50459 | Depths:2 | Identified the "Kirheass"
 50459 | Elf:1    | Identified the "Nanoaten"
 50459 | Elf:1    | Entered Level 1 of the Elven Halls
 50484 | Orc:2    | Bought a phantom mirror for 680 gold pieces
 50852 | Elf:1    | Reached skill level 14 in Dodging
 51142 | Elf:1    | Found Teeweg Hoosa's Book Boutique.
 51211 | Elf:1    | Reached skill level 15 in Spellcasting
 51429 | Elf:1    | Reached skill level 14 in Stealth
 51598 | Elf:1    | Found Asiulal's Book Shoppe.
 51598 | Elf:1    | Found Ynal's Jewellery Boutique.
 51600 | Elf:1    | Found Cuibae's Jewellery Boutique.
 51736 | Elf:1    | Identified the ring "Corapa" {Will+ rCorr Dex+3}
 51822 | Elf:1    | Found a large runed translucent door.
 51823 | Elf:1    | Found a large runed translucent door.
 52026 | Elf:1    | Noticed zurenarrh's ghost (adept FoEE)
 53425 | Elf:2    | Found a huge runed translucent gate.
 53425 | Elf:2    | Found a huge runed translucent gate.
 53425 | Elf:2    | Found a huge runed translucent gate.
 53486 | Elf:2    | Found a huge runed translucent gate.
 53486 | Elf:2    | Found a huge runed translucent gate.
 53532 | Elf:3    | Identified the of Osoutial
 53532 | Elf:3    | Identified the "Joikagav"
 53532 | Elf:3    | Entered Level 3 of the Elven Halls
 53787 | Elf:3    | Found Naubiuhy's General Store.
 54766 | Elf:3    | Identified the +8 war axe of the Heavens {protect, rC+ rN+
                  | Will-}
 54772 | Elf:3    | Identified the +10 sling "Xidghet" {elec, +Blink rElec
                  | Dex+4}
 54779 | Elf:3    | Reached XP level 20. HP: 155/158 MP: 3/39
 54998 | Elf:3    | Identified the +1 orcbow "Toicw" {elec, Int+3}
 55147 | Elf:3    | Identified the +6 scale mail of a sewer {rC+ Int+2}
 55570 | Elf:3    | Reached skill level 15 in Invocations
 55749 | Elf:3    | Reached skill level 12 in Conjurations
 55749 | Elf:3    | Reached skill level 12 in Summonings
 55749 | Elf:3    | Reached skill level 12 in Translocations
 56097 | Elf:3    | Identified the quicksilver dragon scales "Not Musm" {+Blink
                  | rPois Will+ rCorr}
 56436 | Elf:3    | u - the quicksilver dragon scales "Not Musm" {+Blink rPois
                  | Will+ rCorr, rare}
 56472 | Elf:3    | You finish putting on the quicksilver dragon scales "Not
                  | Musm" {+Blink rPois Will+ rCorr, rare}.
 56748 | Elf:3    | You pick up a book of Geomancy and begin reading...
 56755 | Elf:3    | You pick up a book of Cantrips and begin reading...
 56764 | Elf:3    | You pick up a book of Scorching and begin reading...
 56764 | Elf:3    | You add the spells Scorch and Flame Wave to your library.
 56767 | Elf:3    | You pick up a book of Flames and begin reading...
 57363 | Swamp:4  | Bought a scroll of enchant weapon for 142 gold pieces
 57626 | Vaults:1 | magus.rc [v1.9.6]
 57645 | Vaults:2 | Reached skill level 14 in Fighting
 57645 | Vaults:2 | Reached skill level 14 in Short Blades
 57645 | Vaults:2 | Reached skill level 14 in Long Blades
 57645 | Vaults:2 | Reached skill level 14 in Axes
 57645 | Vaults:2 | Reached skill level 14 in Maces & Flails
 57645 | Vaults:2 | Reached skill level 14 in Polearms
 57645 | Vaults:2 | Reached skill level 14 in Staves
 57645 | Vaults:2 | Reached skill level 14 in Ranged Weapons
 57645 | Vaults:2 | Reached skill level 14 in Throwing
 57645 | Vaults:2 | Reached skill level 14 in Armour
 57645 | Vaults:2 | Reached skill level 14 in Shields
 57645 | Vaults:2 | Reached skill level 14 in Unarmed Combat
 57645 | Vaults:2 | Reached skill level 14 in Evocations
 58308 | Vaults:2 | Reached skill level 13 in Shapeshifting
 58368 | Vaults:2 | Reached skill level 12 in Hexes
 58368 | Vaults:2 | Reached skill level 12 in Necromancy
 58368 | Vaults:2 | Reached skill level 12 in Transmutations
 58368 | Vaults:2 | Reached skill level 12 in Fire Magic
 58368 | Vaults:2 | Reached skill level 12 in Ice Magic
 58368 | Vaults:2 | Reached skill level 12 in Air Magic
 58368 | Vaults:2 | Reached skill level 12 in Earth Magic
 58368 | Vaults:2 | Reached skill level 12 in Poison Magic
 59599 | Vaults:2 | magus.rc [v1.9.6]
 59945 | Vaults:3 | Reached skill level 15 in Dodging
 60044 | Vaults:3 | Noticed a bone dragon
 60339 | Vaults:3 | Reached XP level 21. HP: 136/166 MP: 19/40
 60445 | Vaults:3 | Noticed an ancient lich
 60477 | Vaults:3 | HP: 7/166 [something/crystal spear (84)]
 61089 | Vaults:3 | Killed an ancient lich
 61090 | Vaults:3 | Reached skill level 15 in Stealth
 61245 | Vaults:3 | Identified the staff "Dyejuyz" {rPois rC+ Dex+2 Poison}
 61404 | Vaults:3 | Reached skill level 16 in Spellcasting
 62511 | Vaults:4 | Reached skill level 15 in Ranged Weapons
 62560 | Vaults:4 | Reached skill level 16 in Invocations
 63693 | Vaults:4 | You add the spells Vhi's Electric Charge and Arcjolt to
                  | your library.
 64437 | Vaults:4 | Reached skill level 15 in Fighting
 64437 | Vaults:4 | Reached skill level 15 in Short Blades
 64437 | Vaults:4 | Reached skill level 15 in Long Blades
 64437 | Vaults:4 | Reached skill level 15 in Axes
 64437 | Vaults:4 | Reached skill level 15 in Maces & Flails
 64437 | Vaults:4 | Reached skill level 15 in Polearms
 64437 | Vaults:4 | Reached skill level 15 in Staves
 64437 | Vaults:4 | Reached skill level 15 in Throwing
 64437 | Vaults:4 | Reached skill level 15 in Armour
 64437 | Vaults:4 | Reached skill level 15 in Shields
 64437 | Vaults:4 | Reached skill level 15 in Unarmed Combat
 64437 | Vaults:4 | Reached skill level 15 in Evocations
 64869 | D:15     | magus.rc [v1.9.6]
 64907 | Depths:1 | Entered Level 1 of the Depths
 64944 | Depths:1 | Reached XP level 22. HP: 167/175 MP: 2/42
 64956 | Depths:1 | Reached skill level 13 in Conjurations
 64956 | Depths:1 | Reached skill level 13 in Summonings
 64956 | Depths:1 | Reached skill level 13 in Translocations
 65214 | Depths:1 | Found a broken altar of Ashenzari.
 65544 | Depths:1 | Learned a level 7 spell: Haunt
 65603 | Depths:1 | Reached skill level 14 in Shapeshifting
 66039 | Depths:1 | Found a portal to a secret trove of treasure.
 66122 | Depths:1 | the Enchantress comes into view. She is wielding a +2
                  | rapier of holy wrath, wearing the +4 faerie dragon scales
                  | {rN++ rCorr} and wearing a +0 buckler of reflection.
 66122 | Depths:1 | Noticed the Enchantress
 66123 | Depths:1 | Here: the Enchantress, wielding a +2 rapier of holy wrath,
                  | wearing the +4 faerie dragon scales {rN++ rCorr} and
                  | wearing a +0 buckler of reflection (freezing vapour,
                  | wandering, repelling missiles, reflecting blocked
                  | projectiles, hasn't noticed you)
 66123 | Depths:1 | Aim: the Enchantress, wielding a +2 rapier of holy wrath,
                  | wearing the +4 faerie dragon scales {rN++ rCorr} and
                  | wearing a +0 buckler of reflection (freezing vapour,
                  | wandering, repelling missiles, reflecting blocked
                  | projectiles, hasn't noticed you, 100% to hit)
 66128 | Depths:1 | Aim: the Enchantress, wielding a +2 rapier of holy wrath,
                  | wearing the +4 faerie dragon scales {rN++ rCorr} and
                  | wearing a +0 buckler of reflection (freezing vapour,
                  | severely wounded, repelling missiles, reflecting blocked
                  | projectiles, 100% to hit)
 66130 | Depths:1 | Reached skill level 16 in Ranged Weapons
 66130 | Depths:1 | Killed the Enchantress
 66131 | Depths:1 | Reached skill level 13 in Hexes
 66131 | Depths:1 | Reached skill level 13 in Necromancy
 66131 | Depths:1 | Reached skill level 13 in Transmutations
 66131 | Depths:1 | Reached skill level 13 in Fire Magic
 66131 | Depths:1 | Reached skill level 13 in Ice Magic
 66131 | Depths:1 | Reached skill level 13 in Air Magic
 66131 | Depths:1 | Reached skill level 13 in Earth Magic
 66131 | Depths:1 | Reached skill level 13 in Poison Magic
 66676 | Depths:1 | Found a gateway to Hell.
 67037 | Depths:2 | Identified the +8 glaive of Painful Death {vamp, Fly
                  | Will++}
 67457 | Depths:2 | Reached skill level 16 in Dodging
 67527 | Depths:2 | magus.rc [v1.9.6]
 67651 | Depths:2 | Noticed a caustic shrike
 67659 | Depths:2 | Killed a caustic shrike
 67766 | Depths:2 | Learned a level 5 spell: Yara's Violent Unravelling
 67864 | Depths:2 | Noticed a golden dragon
 67875 | Depths:2 | Killed a golden dragon
 67963 | Depths:2 | Identified the +0 leather armour "Jeedulut" {MP+9}
 68167 | Depths:2 | Reached skill level 16 in Stealth
 68877 | Depths:2 | Found a one-way gate leading to the halls of Pandemonium.
 68993 | Depths:2 | Found a hazy altar of Hepliaklqana.
 69469 | Depths:2 | Bought the ring of Daisies {rF+ rN+ AC+4 Int+4} for 1126
                  | gold pieces
 69517 | Depths:3 | Reached skill level 17 in Spellcasting
 69757 | Depths:3 | Reached skill level 17 in Invocations
 69779 | Depths:3 | Reached XP level 23. HP: 127/183 MP: 4/44
 70028 | Depths:3 | Noticed a golden dragon
 70444 | Depths:3 | Reached skill level 17 in Ranged Weapons
 70453 | Depths:3 | Noticed a caustic shrike
 70614 | Depths:3 | Killed a caustic shrike
 71252 | Depths:3 | Noticed a dread lich
 71254 | Depths:3 | Killed a golden dragon
 71267 | Depths:3 | Killed a dread lich
 71799 | Depths:3 | You pick up a book of Party Tricks and begin reading...
 71891 | Depths:3 | You pick up a book of Dangerous Friends and begin
                  | reading...
 71891 | Depths:3 | You add the spells Summon Guardian Golem and Spellforged
                  | Servitor to your library.
 71931 | Depths:3 | Identified the amulet of the Ageless Mystics {Spirit Int+2}
 72100 | Depths:3 | Identified the staff "Mip Dava" {rElec rPois rF+ Will+
                  | Poison}
 72229 | Depths:3 | Found a one-way gate to the infinite horrors of the Abyss.
 72361 | Depths:4 | Entered Level 4 of the Depths
 72464 | Depths:4 | Reached skill level 16 in Fighting
 72464 | Depths:4 | Reached skill level 16 in Short Blades
 72464 | Depths:4 | Reached skill level 16 in Long Blades
 72464 | Depths:4 | Reached skill level 16 in Axes
 72464 | Depths:4 | Reached skill level 16 in Maces & Flails
 72464 | Depths:4 | Reached skill level 16 in Polearms
 72464 | Depths:4 | Reached skill level 16 in Staves
 72464 | Depths:4 | Reached skill level 16 in Throwing
 72464 | Depths:4 | Reached skill level 16 in Armour
 72464 | Depths:4 | Reached skill level 16 in Shields
 72464 | Depths:4 | Reached skill level 16 in Unarmed Combat
 72464 | Depths:4 | Reached skill level 16 in Evocations
 73776 | Depths:4 | Found a runed translucent door.
 73783 | Depths:4 | Found a runed translucent door.
 73783 | Depths:4 | Found a runed translucent door.
 74161 | Depths:4 | Found a runed translucent door.
 74170 | Depths:4 | Found a runed translucent door.
 74170 | Depths:4 | Found a runed translucent door.
 74475 | Depths:4 | Reached skill level 14 in Conjurations
 74475 | Depths:4 | Reached skill level 14 in Summonings
 74475 | Depths:4 | Reached skill level 14 in Translocations
 74476 | Depths:4 | Reached skill level 15 in Shapeshifting
 74573 | Depths:4 | Found a gate to the Realm of Zot.
 74859 | Depths:4 | Found a one-way gateway to a ziggurat.
 74896 | Depths:4 | Found a radiant altar of Vehumet.
 74977 | Depths:4 | Noticed a caustic shrike
 74980 | Depths:4 | Noticed a caustic shrike
 74980 | Depths:4 | Noticed a caustic shrike
 74980 | Depths:4 | Noticed a caustic shrike
 74986 | Depths:4 | Killed a caustic shrike
 74994 | Depths:4 | Killed a caustic shrike
 74997 | Depths:4 | Killed a caustic shrike
 75000 | Depths:4 | Killed a caustic shrike
 75705 | Slime:1  | Entered Level 1 of the Pits of Slime
 75714 | Slime:1  | Reached XP level 24. HP: 192/192 MP: 36/44
 75772 | Slime:1  | Reached skill level 18 in Ranged Weapons
 75957 | Slime:2  | Gained mutation: You are clumsy. (Dex -2) [a shining eye]
 76404 | Slime:4  | Reached skill level 17 in Dodging
 76404 | Slime:4  | Reached skill level 14 in Hexes
 76404 | Slime:4  | Reached skill level 14 in Necromancy
 76404 | Slime:4  | Reached skill level 14 in Transmutations
 76404 | Slime:4  | Reached skill level 14 in Fire Magic
 76404 | Slime:4  | Reached skill level 14 in Ice Magic
 76404 | Slime:4  | Reached skill level 14 in Air Magic
 76404 | Slime:4  | Reached skill level 14 in Earth Magic
 76404 | Slime:4  | Reached skill level 14 in Poison Magic
 76667 | Slime:5  | Entered Level 5 of the Pits of Slime
 77001 | Slime:5  | Noticed the Royal Jelly
 77012 | Slime:5  | Reached skill level 17 in Stealth
 77022 | Slime:5  | Killed the Royal Jelly
 77070 | Slime:5  | Reached skill level 18 in Invocations
 77425 | Slime:5  | Got a slimy rune of Zot
 77500 | Slime:5  | Found the +10 dark maul {heavy}
 77515 | Slime:5  | You pick up a book of the Moon and begin reading...
 77515 | Slime:5  | You add the spells Passage of Golubria and Lehudib's
                  | Crystal Spear to your library.
 77522 | Slime:5  | You pick up a book of the Dragon and begin reading...
 77522 | Slime:5  | You add the spells Cause Fear and Dragon's Call to your
                  | library.
 77611 | Slime:5  | You pick up a book of Weapons and begin reading...
 77611 | Slime:5  | You add the spells Tukima's Dance and Dimensional Bullseye
                  | to your library.
 77615 | Slime:5  | You pick up a book of Conjurations {@e2} and begin
                  | reading...
 77625 | Slime:5  | You pick up a book of Vapours and begin reading...
 77938 | Slime:5  | Lost mutation: You are clumsy. (Dex -2) [potion of
                  | mutation]
 77938 | Slime:5  | Lost mutation: You are partially covered in iridescent
                  | scales. (AC +2) [potion of mutation]
 77938 | Slime:5  | Gained mutation: You occasionally lose the ability to read
                  | scrolls when taking damage. [potion of mutation]
 77938 | Slime:5  | Gained mutation: Your muscles are strong. (Str +4, Int/Dex
                  | -1) [potion of mutation]
 77939 | Slime:5  | Lost mutation: You occasionally lose the ability to read
                  | scrolls when taking damage. [potion of mutation]
 77939 | Slime:5  | Lost mutation: Your muscles are strong. (Str +4, Int/Dex
                  | -1) [potion of mutation]
 77939 | Slime:5  | Gained mutation: You sometimes lose your temper in combat.
                  | [potion of mutation]
 77939 | Slime:5  | Gained mutation: You have sharp toenails. [potion of
                  | mutation]
 77939 | Slime:5  | Gained mutation: You are weak. (Str -2) [potion of
                  | mutation]
 77940 | Slime:5  | Lost mutation: You have sharp toenails. [potion of
                  | mutation]
 77940 | Slime:5  | Lost mutation: You sometimes lose your temper in combat.
                  | [potion of mutation]
 77940 | Slime:5  | Gained mutation: You are covered in fur. (AC +1) [potion of
                  | mutation]
 77940 | Slime:5  | Gained mutation: Your system is resistant to poisons.
                  | (rPois) [potion of mutation]
 77940 | Slime:5  | Gained mutation: You are partially covered in iridescent
                  | scales. (AC +2) [potion of mutation]
 77941 | Slime:5  | Lost mutation: You are weak. (Str -2) [potion of mutation]
 77941 | Slime:5  | Lost mutation: Your system is resistant to poisons. (rPois)
                  | [potion of mutation]
 77941 | Slime:5  | Lost mutation: You are partially covered in iridescent
                  | scales. (AC +2) [potion of mutation]
 77941 | Slime:5  | Gained mutation: Potions are less effective at restoring
                  | your health. [potion of mutation]
 77941 | Slime:5  | Gained mutation: You have an increased reservoir of magic.
                  | (+10% MP) [potion of mutation]
 77942 | Slime:5  | Lost mutation: You have an increased reservoir of magic.
                  | (+10% MP) [potion of mutation]
 77942 | Slime:5  | Lost mutation: You are covered in fur. (AC +1) [potion of
                  | mutation]
 77942 | Slime:5  | Gained mutation: Potions cannot restore your health.
                  | [potion of mutation]
 77942 | Slime:5  | Gained mutation: You are vulnerable to heat. (rF-) [potion
                  | of mutation]
 77942 | Slime:5  | Gained mutation: You have hidden genetic potential. [potion
                  | of mutation]
 77943 | Slime:5  | Lost mutation: You are vulnerable to heat. (rF-) [potion of
                  | mutation]
 77943 | Slime:5  | Lost mutation: Potions cannot restore your health. [potion
                  | of mutation]
 77943 | Slime:5  | Lost mutation: Potions are less effective at restoring your
                  | health. [potion of mutation]
 77943 | Slime:5  | Gained mutation: You are agile. (Dex +4, Str/Int -1)
                  | [potion of mutation]
 78130 | Swamp:1  | Bought a potion of mutation for 296 gold pieces
 78130 | Swamp:1  | Bought a potion of magic for 296 gold pieces
 78395 | Vaults:5 | Entered Level 5 of the Vaults
 78518 | Vaults:5 | Identified the +4 flail of the Lamprey {flame, Fly Dex+3}
 78547 | Vaults:5 | Reached skill level 18 in Spellcasting
 78943 | Vaults:5 | Identified the +5 scimitar of the Five Cities {speed,
                  | Fragile rF+++ rCorr Dex+2}
 78966 | Vaults:5 | Identified the +2 pair of boots "Tojewi" {Dex+3}
 79193 | Vaults:5 | Reached skill level 19 in Ranged Weapons
 79211 | Vaults:5 | Noticed an ancient lich
 79227 | Vaults:5 | Killed an ancient lich
 79421 | Vaults:5 | Reached skill level 17 in Fighting
 79421 | Vaults:5 | Reached skill level 17 in Short Blades
 79421 | Vaults:5 | Reached skill level 17 in Long Blades
 79421 | Vaults:5 | Reached skill level 17 in Axes
 79421 | Vaults:5 | Reached skill level 17 in Maces & Flails
 79421 | Vaults:5 | Reached skill level 17 in Polearms
 79421 | Vaults:5 | Reached skill level 17 in Staves
 79421 | Vaults:5 | Reached skill level 17 in Throwing
 79421 | Vaults:5 | Reached skill level 17 in Armour
 79421 | Vaults:5 | Reached skill level 17 in Shields
 79421 | Vaults:5 | Reached skill level 17 in Unarmed Combat
 79421 | Vaults:5 | Reached skill level 17 in Evocations
 79430 | Vaults:5 | Reached XP level 25. HP: 181/201 MP: 30/45
 79825 | Vaults:5 | Identified the staff "Loygit" {rPois Str+3 Dex+3 Earth}
 81120 | Vaults:5 | Identified the scarf "Zugepn" {+Inv, Harm Rampage rC+++
                  | Dex-5}
 81164 | Vaults:5 | Gained mutation: You have a pair of small antennae on your
                  | head. [hidden potential]
 81346 | Vaults:5 | Reached skill level 16 in Shapeshifting
 81442 | Vaults:5 | Got a silver rune of Zot
 81499 | Vaults:5 | Noticed an ancient lich
 81509 | Vaults:5 | Killed an ancient lich
 81761 | Vaults:5 | You add the spells Olgreb's Toxic Radiance and Monstrous
                  | Menagerie to your library.
 81986 | Vaults:5 | Identified the +8 scale mail "Majamm" {Harm Str+2}
 81990 | Vaults:5 | Identified the +5 scale mail of the Everdark {Dex+3}
 82612 | Zot:1    | Entered Level 1 of the Realm of Zot
 82888 | Zot:1    | Reached skill level 15 in Conjurations
 82888 | Zot:1    | Reached skill level 15 in Summonings
 82888 | Zot:1    | Reached skill level 15 in Translocations
 82986 | Zot:5    | Entered Level 5 of the Realm of Zot
 83386 | Zot:5    | Reached skill level 18 in Dodging
 83453 | Zot:5    | Noticed a Killer Klown
 83458 | Zot:5    | a golden dragon changed into a caustic shrike
 83458 | Zot:5    | Noticed a caustic shrike
 83461 | Zot:5    | Killed a caustic shrike
 83472 | Zot:5    | Noticed an orb of fire
 83478 | Zot:5    | Noticed a Killer Klown
 83479 | Zot:5    | Noticed an electric golem
 83479 | Zot:5    | Noticed a curse toe
 83483 | Zot:5    | Noticed a dread lich
 83487 | Zot:5    | Noticed a Killer Klown
 83488 | Zot:5    | Noticed a Killer Klown
 83489 | Zot:5    | Noticed an orb of fire
 83491 | Zot:5    | Killed an electric golem
 83492 | Zot:5    | Reached skill level 20 in Ranged Weapons
 83502 | Zot:5    | Killed an orb of fire
 83504 | Zot:5    | Killed a Killer Klown
 83518 | Zot:5    | Killed a Killer Klown
 83522 | Zot:5    | Reached skill level 18 in Stealth
 83522 | Zot:5    | Reached skill level 19 in Invocations
 83522 | Zot:5    | Killed a dread lich
 83537 | Zot:5    | Killed a curse toe
 83617 | Zot:5    | Noticed an ancient lich
 83619 | Zot:5    | Noticed an ancient lich
 83620 | Zot:5    | Noticed an electric golem
 83620 | Zot:5    | Noticed an orb of fire
 83621 | Zot:5    | Got the Orb of Zot
 83623 | Zot:5    | Killed an ancient lich
 83624 | Zot:5    | Reached skill level 15 in Hexes
 83624 | Zot:5    | Reached skill level 15 in Necromancy
 83624 | Zot:5    | Reached skill level 15 in Transmutations
 83624 | Zot:5    | Reached skill level 15 in Fire Magic
 83624 | Zot:5    | Reached skill level 15 in Ice Magic
 83624 | Zot:5    | Reached skill level 15 in Air Magic
 83624 | Zot:5    | Reached skill level 15 in Earth Magic
 83624 | Zot:5    | Reached skill level 15 in Poison Magic
 83629 | Zot:5    | Killed an electric golem
 83634 | Zot:5    | Killed a Killer Klown
 83645 | Zot:5    | Noticed a curse toe
 83663 | Zot:5    | Killed a dread lich
 83666 | Zot:5    | Killed an ancient lich
 83672 | Zot:5    | Killed a Killer Klown
 83820 | Depths:2 | Noticed Doykag the pandemonium lord
 84188 | D:$      | Escaped with the Orb!

Vanquished Creatures
  the Royal Jelly (Slime:5)
  An ancient lich (Vaults:3)
  Mara (Swamp:4)
  Saint Roka (Orc:2)
  6 caustic shrikes
  the Enchantress (Depths:1)
  3 golden dragons
  4 tentacled monstrosities
  4 Orb Guardians (Zot:5)
  Jorgrun (Orc:2)
  2 titans
  A walking earthen tome (Depths:2)
  3 liches
  A deep elf blademaster (Elf:3)
  8 acid blobs (Slime:5)
  6 sphinxes
  A deep elf master archer (Elf:3)
  Kirke (Lair:4)
  5 shadow dragons
  2 thorn hunters
  7 storm dragons
  2 tengu reavers (Vaults:5)
  2 draconian monks (Depths:4)
  7 rockslimes
  4 azure jellies (Slime:5)
  5 frost giants
  3 fire giants
  8 deep elf sorcerers
  10 vault wardens
  A frost giant (shapeshifter) (Vaults:5)
  4 iron dragons
  5 deep elf elementalists (Elf:3)
  A ghoul (Swamp:4)
  A draconian annihilator (Depths:4)
  3 ghost moths
  4 spriggan defenders
  A caustic shrike skeleton (Depths:3)
  4 green draconians
  A juggernaut skeleton (Depths:3)
  6 quicksilver oozes
  12 stone giants
  A very ugly thing (Vaults:5)
  5 ironbound thunderhulks
  A hydra skeleton (Swamp:4)
  2 war gargoyles
  15 ironbound preservers
  2 eleionomae
  3 yellow draconians
  5 vampire knights
  5 deep elf annihilators
  4 deep elf demonologists (Elf:3)
  3 black draconians (Depths:4)
  3 white draconians (Depths:4)
  A minotaur (Gauntlet)
  4 purple draconians
  11 dire elephants
  A red draconian (Depths:4)
  4 bunyips
  15 spark wasps
  7 ettins
  Josephine (Orc:1)
  4 fire dragons
  17 yaktaur captains
  4 deep elf death magi
  7 deep elf high priests
  4 entropy weavers
  2 jiangshi (Depths:3)
  Fannar (Lair:3)
  Erolcha (Orc:2)
  A peacekeeper (Vaults:2)
  8 hydras
  5 shambling mangroves
  8 great orbs of eyes
  4 rakshasas
  26 vault guards
  5 spriggan air magi
  5 ice dragons
  A hell beast (Depths:2)
  A ghost crab (Swamp:3)
  3 ironbound frosthearts
  2 boulder beetles
  2 ogre magi (Vaults:5)
  A catoblepas (D:15)
  2 radroaches (Spider:4)
  6 tengu warriors
  8 alligators
  2 centaur warriors (D:14)
  A vampire mage (Depths:1)
  7 two-headed ogres
  11 dancing weapons
  2 orc high priests (Orc:2)
  A death yak (shapeshifter) (Vaults:5)
  4 demonic crawlers
  6 deep troll earth magi
  5 deep troll shamans
  A spriggan berserker (Depths:3)
  7 hell knights
  7 deep elf knights
  A soul eater (Depths:2)
  A sixfirhy (Depths:2)
  2 sun demons
  14 spriggans
  2 fire crabs
  54 deep trolls
  Lodul (D:14)
  A sea snake (shapeshifter) (Vaults:1)
  A shadow wraith (Vaults:3)
  4 iron trolls
  4 orb spiders
  4 glowing orange brains
  A goliath frog (Swamp:2)
  2 skysharks
  6 flayed ghosts
  A pharaoh ant (Spider:4)
  4 bog bodies
  4 spriggan druids
  A spark wasp zombie (Depths:3)
  10 deep elf archers
  A death drake (Swamp:2)
  3 arcanists
  12 ironbound convokers
  3 swamp dragons
  5 lindwurms
  7 orc knights
  2 steelbarb worms
  2 oklob plants (Swamp:4)
  4 phantasmal warriors (Vaults:5)
  19 deep elf pyromancers
  5 harpies (Vaults:3)
  21 deep elf zephyrmancers
  2 spectral hydras (Swamp:4)
  6 elephants
  15 ugly things
  5 moths of wrath
  9 wolf spiders
  4 cyclopes
  7 orc sorcerers
  A shining eye (Slime:2)
  A salamander (Depths:1)
  4 manticores
  6 black mambas
  2 smoke demons (Depths:1)
  Maurice (D:8)
  15 vault sentinels
  3 torpor snails
  8 cane toads
  2 molten gargoyles (Lair:5)
  3 eyes of devastation
  3 gargoyles
  25 yaktaurs
  2 tengu conjurers
  2 kobold demonologists
  An orange demon (Lair:2)
  2 freezing wraiths
  12 komodo dragons
  2 death drake zombies (Swamp:4)
  3 red devils (Orc:1)
  2 efreet
  A hydra zombie (Swamp:4)
  A bloated husk (Swamp:3)
  3 meliai
  A shadow dragon simulacrum (Depths:3)
  8 tyrant leeches
  13 hornets
  6 trolls
  A polar bear (Lair:5)
  A meliai (shapeshifter) (Elf:1)
  13 tarantellas
  2 dream sheep (D:9)
  6 blink frogs
  A glass eye (Depths:3)
  16 culicivoras
  54 slime creatures
  10 jumping spiders
  2 yaks (shapeshifter) (Vaults:5)
  43 yaks
  5 wraiths
  2 water elementals
  4 wyverns
  2 fire bats (Gauntlet)
  6 golden eyes
  6 basilisks
  3 fire elementals
  18 redbacks
  2 steam dragons (D:10)
  3 vampire mosquitoes
  A two-headed ogre zombie (D:10)
  3 wargs
  19 swamp worms
  6 water moccasins
  3 hell hounds (Lair:5)
  A hydra simulacrum (Swamp:4)
  A glowing shapeshifter skeleton (Depths:3)
  Duvessa (D:7)
  9 swamp drakes
  An acid dragon (D:10)
  27 orc warriors
  2 ice beasts
  A sky beast (D:8)
  14 ogres
  2 swamp dragon zombies (Swamp:4)
  4 boggarts (Vaults:3)
  16 wolves
  3 centaurs
  5 phantoms
  7 nameless horrors
  3 kobold brigands (D:14)
  6 earth elementals
  A gnoll sergeant (D:10)
  6 bullfrogs
  2 scorpions (D:6)
  13 wights
  Dowan (D:7)
  2 killer bees (D:6)
  2 troll zombies (D:10)
  6 howler monkeys
  4 electric eels
  5 lava snakes (Lair:5)
  4 jellies
  9 orc priests
  6 hounds
  A gnoll bouda (Orc:1)
  3 sleepcaps
  4 iguanas
  29 orc wizards
  4 ogre zombies (D:10)
  8 gnolls
  6 adders
  A white imp (D:5)
  2 ufetubi (D:6)
  3 worms (D:2)
  3 dart slugs
  62 orcs
  9 endoplasms
  A giant cockroach (D:4)
  6 gnoll zombies (D:10)
  A goblin (D:1)
  6 hobgoblins
  5 jackals
  6 quokkas
  6 ball pythons
  9 bats
  2 frilled lizards
  3 gnoll skeletons (D:10)
  7 kobolds
  2 orc skeletons (D:10)
  13 orc zombies (D:10)
  5 rats
  11 snaplasher vines
1416 creatures vanquished.

Vanquished Creatures (collateral kills)
  An orb of fire (Zot:5)
  2 ancient liches (Vaults:5)
  2 dread liches
  2 Killer Klowns (Zot:5)
  A caustic shrike (Depths:3)
  A curse toe (Zot:5)
  2 golden dragons
  A bone dragon (Depths:4)
  3 tentacled monstrosities
  2 electric golems (Zot:5)
  10 Orb Guardians (Zot:5)
  4 sphinxes
  A deep elf master archer (Elf:3)
  4 titans (Vaults:5)
  3 liches
  A quicksilver dragon (Zot:5)
  8 acid blobs
  8 shadow dragons
  3 tengu reavers
  Donald (Swamp:1)
  4 rockslimes (Slime:5)
  2 fenstrider witches
  A draconian knight (Zot:5)
  2 iron dragons
  2 deep elf sorcerers
  4 vault wardens
  3 ghost moths
  3 azure jellies
  5 frost giants
  A ghoul (Swamp:4)
  2 orc warlords (Vaults:1)
  A war gargoyle (Vaults:1)
  A reaper (Depths:1)
  A quicksilver ooze (Slime:3)
  8 ironbound preservers
  6 stone giants
  2 vampire knights
  A very ugly thing (Depths:1)
  A deep elf demonologist (Elf:2)
  2 bunyips
  A purple draconian (Depths:4)
  2 deep elf annihilators (Elf:3)
  2 black draconians
  A dire elephant (Vaults:4)
  2 ettins
  8 spark wasps
  A deep elf death mage (Elf:3)
  An eidolon (Vaults:3)
  A fire dragon (Lair:5)
  2 yaktaur captains (Vaults:5)
  A jiangshi (Depths:3)
  11 vault guards
  8 ice dragons
  2 shambling mangroves (Swamp:4)
  A peacekeeper (Vaults:1)
  A ghost crab (Swamp:4)
  3 entropy weavers
  6 hydras
  A rakshasa (Depths:1)
  2 ogre magi (Vaults:5)
  3 spriggan air magi
  4 radroaches
  An alligator (Swamp:2)
  An anaconda (shapeshifter) (Depths:3)
  4 two-headed ogres (Vaults:5)
  5 dancing weapons
  4 deep troll earth magi
  A boulder beetle (Spider:4)
  2 deep troll shamans
  5 demonic crawlers
  2 tengu warriors
  A vampire mage (Depths:3)
  2 orc high priests
  A hell knight (Depths:4)
  2 deep elf knights
  A spriggan berserker (Depths:2)
  An iron troll (Depths:1)
  A fire crab (Lair:5)
  Amaemon (Lair:2)
  A sun moth (Spider:4)
  Nergalle (Orc:1)
  2 goliath frogs (Swamp:2)
  A skyshark (Lair:5)
  A skeletal warrior (D:15)
  4 pharaoh ants
  A death drake (shapeshifter) (Depths:1)
  6 spriggan druids
  25 deep trolls
  7 orb spiders
  3 swamp dragons
  5 bog bodies
  3 spectral hydras (Swamp:4)
  A glowing orange brain (Depths:3)
  6 orc knights
  A flayed ghost (Swamp:4)
  An ironbound convoker (Vaults:5)
  3 deep elf zephyrmancers
  A steelbarb worm (Spider:4)
  2 phantasmal warriors (Vaults:5)
  2 orc sorcerers (Orc:2)
  8 shining eyes
  4 wolf spiders
  2 necromancers (Depths:3)
  10 deep elf pyromancers
  8 ugly things
  A tengu skeleton (Depths:3)
  3 oklob plants
  A will-o-the-wisp (Swamp:1)
  5 moths of wrath
  Joseph (Lair:1)
  2 elephants (Lair:4)
  A titan simulacrum (Depths:3)
  3 torpor snails
  An eye of devastation (Slime:5)
  2 vault sentinels
  2 rime drakes
  2 cane toads
  4 komodo dragons
  A tengu conjurer (D:14)
  6 yaktaurs
  A spark wasp simulacrum (Depths:3)
  A freezing wraith (Vaults:5)
  A tormentor (D:10)
  A golden dragon simulacrum (Depths:3)
  2 trolls
  A death drake zombie (Swamp:4)
  A polar bear (Lair:3)
  A tyrant leech (Swamp:4)
  2 hydra zombies (Swamp:4)
  3 glass eyes
  2 bloated husks (Swamp:4)
  2 meliai
  10 hornets
  7 tarantellas
  5 blink frogs
  12 slime creatures
  17 jumping spiders
  9 culicivoras
  8 spriggans
  3 shadows
  2 hogs (Lair:4)
  12 yaks
  A wyvern (Lair:4)
  3 vampire mosquitoes (D:11)
  Menkaure (D:7)
  17 redbacks
  5 swamp worms
  A warg (D:12)
  2 water moccasins
  A hell hound (Lair:5)
  A swamp drake (Swamp:2)
  2 orc warriors
  3 swamp dragon zombies (Swamp:4)
  2 ogres
  A black bear (Lair:2)
  6 wolves
  A phantom (D:5)
  2 nameless horrors
  4 bullfrogs
  A scorpion (D:3)
  2 wights
  A troll zombie (D:10)
  An electric eel (Spider:3)
  A vampire bat (Lair:1)
  A jelly (D:5)
  Crazy Yiuf (D:7)
  A hound (D:6)
  3 orc priests
  An iguana (D:5)
  5 orc wizards
  An adder (D:3)
  10 orcs
  2 bats (Lair:1)
  A goblin (D:1)
  A hobgoblin (D:3)
  A jackal (D:1)
  A quokka (D:4)
  A gnoll skeleton (D:10)
  A kobold (D:3)
  2 rats (D:3)
550 creatures vanquished.

Vanquished Creatures (others)
  A dread lich (Zot:5)
  2 ancient liches (Zot:5)
  3 Killer Klowns (Zot:5)
  6 Orb Guardians (Zot:5)
  A storm dragon (Zot:5)
  2 draconian scorchers (Zot:5)
  Louise (Swamp:4)
  A deep elf elementalist (Elf:3)
  A draconian shifter (Zot:5)
  An ironbound preserver (Vaults:5)
  2 green draconians (Zot:5)
  A black draconian (Zot:5)
  2 red draconians (Zot:5)
  An alligator (Swamp:4)
  A deep elf knight (Elf:3)
  A deep troll (Vaults:5)
  3 deep elf zephyrmancers
  A killer bee (D:6)
  An orc priest (Orc:2)
  A gnoll (shapeshifter) (Depths:4)
  6 foxfires (Swamp:1)
  35 snaplasher vines
74 creatures vanquished.

Grand Total: 2040 creatures vanquished

Table legend:
 A = Non-vault XP
 B = Vault XP
 C = Vault XP percentage of total XP
 D = Non-vault monster count
 E = Vault monster count
 F = Vault count percentage of total count
                 A         B        C        D         E       F
            +---------+---------+-------+---------+---------+-------
      Total |  597927 |  503621 |  45.7 |    1241 |     696 |  35.9
            +---------+---------+-------+---------+---------+-------
        D:1 |      27 |       0 |   0.0 |      18 |       0 |   0.0
        D:2 |      51 |       0 |   0.0 |      17 |       0 |   0.0
        D:3 |     123 |       4 |   3.1 |      17 |       3 |  15.0
        D:4 |     265 |      42 |  13.7 |      13 |       1 |   7.1
        D:5 |     697 |     287 |  29.2 |      16 |       9 |  36.0
        D:6 |    1201 |       0 |   0.0 |      30 |       0 |   0.0
        D:7 |    1051 |     427 |  28.9 |      22 |       4 |  15.4
        D:8 |     921 |     469 |  33.7 |      15 |       1 |   6.2
        D:9 |    3875 |    1273 |  24.7 |      28 |      12 |  30.0
       D:10 |     928 |     799 |  46.3 |      11 |      36 |  76.6
       D:11 |    4922 |       0 |   0.0 |      21 |       0 |   0.0
       D:12 |    4433 |       0 |   0.0 |      18 |       0 |   0.0
       D:13 |    7490 |       0 |   0.0 |      23 |       0 |   0.0
       D:14 |   12144 |    5051 |  29.4 |      24 |      21 |  46.7
       D:15 |    4835 |    3913 |  44.7 |      13 |       6 |  31.6
     Lair:1 |    1633 |    3589 |  68.7 |       8 |      20 |  71.4
     Lair:2 |    4879 |    1135 |  18.9 |      22 |       2 |   8.3
     Lair:3 |    6437 |    3229 |  33.4 |      28 |       6 |  17.6
     Lair:4 |    5130 |    4908 |  48.9 |      13 |       9 |  40.9
     Lair:5 |   11467 |    7506 |  39.6 |      37 |      26 |  41.3
    Swamp:1 |   19752 |    1349 |   6.4 |      43 |       1 |   2.3
    Swamp:2 |   19550 |       0 |   0.0 |      30 |       0 |   0.0
    Swamp:3 |   14498 |     805 |   5.3 |      23 |       5 |  17.9
    Swamp:4 |   14005 |   26594 |  65.5 |      27 |      43 |  61.4
   Spider:1 |    3277 |    5341 |  62.0 |      10 |      10 |  50.0
   Spider:2 |   14835 |       0 |   0.0 |      39 |       0 |   0.0
   Spider:3 |   10936 |       0 |   0.0 |      32 |       0 |   0.0
   Spider:4 |   22144 |   16121 |  42.1 |      47 |      38 |  44.7
    Slime:1 |    4255 |     919 |  17.8 |      11 |       4 |  26.7
    Slime:2 |    3624 |    3058 |  45.8 |       4 |       5 |  55.6
    Slime:3 |    2733 |       0 |   0.0 |       2 |       0 |   0.0
    Slime:4 |    5269 |       0 |   0.0 |       6 |       0 |   0.0
    Slime:5 |   18587 |   26080 |  58.4 |      38 |      22 |  36.7
      Orc:1 |    3421 |    3475 |  50.4 |      34 |       9 |  20.9
      Orc:2 |    2065 |   14734 |  87.7 |      26 |      46 |  63.9
      Elf:1 |   16978 |    6182 |  26.7 |      29 |       9 |  23.7
      Elf:2 |   21929 |    1662 |   7.0 |      35 |       2 |   5.4
      Elf:3 |   16963 |   35048 |  67.4 |      28 |      31 |  52.5
   Vaults:1 |   25695 |   15484 |  37.6 |      36 |      23 |  39.0
   Vaults:2 |   25962 |    2426 |   8.5 |      37 |       3 |   7.5
   Vaults:3 |   33943 |   16179 |  32.3 |      45 |      17 |  27.4
   Vaults:4 |   44544 |   29152 |  39.6 |      63 |      36 |  36.4
   Vaults:5 |   28100 |  123210 |  81.4 |      43 |     109 |  71.7
   Depths:1 |   30548 |   21529 |  41.3 |      36 |      26 |  41.9
   Depths:2 |   22254 |   29403 |  56.9 |      25 |      25 |  50.0
   Depths:3 |   42896 |   23748 |  35.6 |      54 |      18 |  25.0
   Depths:4 |   35018 |   34880 |  49.9 |      28 |      32 |  53.3
      Zot:1 |    5059 |       0 |   0.0 |       3 |       0 |   0.0
      Zot:5 |   16578 |   30806 |  65.0 |      13 |      18 |  58.1
   Gauntlet |       0 |    2804 | 100.0 |       0 |       8 | 100.0
            +---------+---------+-------+---------+---------+-------

Skill      XL: |  1  2  3  4  5  6  7  8  9 10 11 12 13 14 15 16 17 18 19 20 21 22 23 24 25 |
---------------+----------------------------------------------------------------------------+-----
Conjurations   | 2 3 4 5 6 7 8 9 10 11 12 13 14 15 | 15.1
Summonings     | 2 3 4 5 6 7 8 9 10 11 12 13 14 15 | 15.1
Translocations | 2 3 4 5 6 7 8 9 10 11 12 13 14 15 | 15.1
Invocations    | 1 2 3 4 5 6 7 8 9 10 11 12 13 14 15 16 17 18 19 | 19.0
Fighting       | 1 2 3 4 5 6 8 9 10 11 12 13 14 15 16 17 | 17.6
Short Blades   | 1 2 3 4 5 6 8 9 10 11 12 13 14 15 16 17 | 17.6
Long Blades    | 1 2 3 4 5 6 8 9 10 11 12 13 14 15 16 17 | 17.6
Axes           | 1 2 3 4 5 6 8 9 10 11 12 13 14 15 16 17 | 17.6
Maces & Flails | 1 2 3 4 5 6 8 9 10 11 12 13 14 15 16 17 | 17.6
Polearms       | 1 2 3 4 5 6 8 9 10 11 12 13 14 15 16 17 | 17.6
Staves         | 1 2 3 4 5 6 8 9 10 11 12 13 14 15 16 17 | 17.6
Ranged Weapons | 1 2 3 4 5 6 8 9 10 11 12 13 14 15 16 17 19 20 | 20.1
Throwing       | 1 2 3 4 5 6 8 9 10 11 12 13 14 15 16 17 | 17.6
Armour         | 1 2 3 4 5 6 8 9 10 11 12 13 14 15 16 17 | 17.6
Shields        | 1 2 3 4 5 6 8 9 10 11 12 13 14 15 16 17 | 17.6
Unarmed Combat | 1 2 3 4 5 6 8 9 10 11 12 13 14 15 16 17 | 17.6
Evocations     | 1 2 3 4 5 6 8 9 10 11 12 13 14 15 16 17 | 17.6
Shapeshifting  | 1 2 3 4 5 6 7 8 9 10 11 12 13 14 15 16 | 16.2
Hexes          | 1 2 3 4 5 6 7 8 9 10 11 12 13 14 15 | 15.0
Necromancy     | 1 2 3 4 5 6 7 8 9 10 11 12 13 14 15 | 15.0
Transmutations | 1 2 3 4 5 6 7 8 9 10 11 12 13 14 15 | 15.0
Fire Magic     | 1 2 3 4 5 6 7 8 9 10 11 12 13 14 15 | 15.0
Ice Magic      | 1 2 3 4 5 6 7 8 9 10 11 12 13 14 15 | 15.0
Air Magic      | 1 2 3 4 5 6 7 8 9 10 11 12 13 14 15 | 15.0
Earth Magic    | 1 2 3 4 5 6 7 8 9 10 11 12 13 14 15 | 15.0
Poison Magic   | 1 2 3 4 5 6 7 8 9 10 11 12 13 14 15 | 15.0
Dodging        | 5 6 7 8 9 10 11 12 13 14 15 16 17 18 | 18.1
Stealth        | 5 6 7 8 9 10 11 12 13 14 15 16 17 18 | 18.0
Spellcasting   | 8 9 10 11 12 13 14 15 16 17 18 | 18.8

Action                     |  1- 3 |  4- 6 |  7- 9 | 10-12 | 13-15 | 16-18 | 19-21 | 22-24 | 25-27 || total
---------------------------+-------+-------+-------+-------+-------+-------+-------+-------+-------++-------
  Melee: Dagger            |     4 |    26 |       |       |       |       |       |       |       ||    30
         Bite              |       |     1 |    13 |    43 |    47 |    81 |   126 |   235 |    96 ||   642
         Labrys            |       |       |    97 |   146 |       |       |       |       |       ||   243
         Long sword        |       |       |       |   155 |   246 |   129 |     8 |       |       ||   538
         Mace              |       |       |       |       |   105 |    24 |   104 |       |       ||   233
         Morningstar       |       |       |       |       |       |   266 |    60 |     5 |     5 ||   336
         Demon blade       |       |       |       |       |       |       |   442 |  1008 |   367 ||  1817
   Fire: Sling             |       |       |       |       |       |       |       |    19 |       ||    19
   Cast: Magic Dart        |    97 |   127 |   224 |    92 |     6 |       |       |       |       ||   546
         Call Imp          |     8 |    12 |    58 |    16 |     1 |     1 |       |       |       ||    96
         Mephitic Cloud    |       |       |    31 |    79 |    16 |       |       |       |       ||   126
         Blink             |       |       |     1 |     1 |       |       |       |       |       ||     2
         Summon Lightning  |       |       |       |    56 |    82 |    29 |    10 |     2 |       ||   179
         Freezing Cloud    |       |       |       |       |   207 |   139 |   107 |    63 |     1 ||   517
         Wereblood         |       |       |       |       |     4 |     5 |     1 |    17 |     6 ||    33
         Irradiate         |       |       |       |       |    20 |    20 |    15 |     8 |     4 ||    67
         Summon Forest     |       |       |       |       |     4 |    57 |    20 |     3 |     4 ||    88
         Passwall          |       |       |       |       |     2 |       |       |       |       ||     2
         Borgnjor's Vile C |       |       |       |       |       |    86 |   187 |    96 |    14 ||   383
         Death Channel     |       |       |       |       |       |    26 |    27 |    20 |     8 ||    81
         Sublimation of Bl |       |       |       |       |       |    12 |    11 |       |       ||    23
         Haunt             |       |       |       |       |       |       |       |   109 |    38 ||   147
         Yara's Violent Un |       |       |       |       |       |       |       |     2 |     1 ||     3
 Invoke: Call Merchant     |       |       |     1 |     1 |     2 |     2 |       |     1 |       ||     7
         Potion Petition   |       |       |       |       |       |       |       |     1 |     3 ||     4
         Bribe Branch      |       |       |       |       |       |       |       |       |     2 ||     2
  Evoke: Wand              |       |       |     1 |     8 |     1 |    14 |     4 |     6 |     4 ||    38
         Sack of spiders   |       |       |       |       |       |       |     2 |     2 |       ||     4
         Lightning rod     |       |       |       |       |       |       |     2 |     5 |       ||     7
         Phantom mirror    |       |       |       |       |       |       |       |     1 |       ||     1
    Use: Scroll            |     2 |     4 |     3 |    11 |    14 |     8 |    12 |     9 |    13 ||    76
         Potion            |       |       |     1 |       |     1 |       |     1 |    15 |     3 ||    21
   Stab: Sleeping          |     1 |       |       |     1 |     1 |     2 |     4 |     4 |     1 ||    14
         Distracted        |     1 |       |       |     3 |    12 |    22 |    21 |    26 |    12 ||    97
         Confused          |       |       |     4 |    32 |     4 |       |       |       |       ||    40
         Invisible         |       |       |       |       |     1 |       |       |       |       ||     1
         Paralysed         |       |       |       |       |       |     2 |     1 |       |       ||     3
 Armour: Robe              |     6 |       |       |       |       |       |       |       |       ||     6
         Leather armour    |     4 |    34 |    80 |   228 |   247 |   306 |   118 |       |       ||  1017
         Quicksilver drago |       |       |       |       |       |       |   247 |   657 |   135 ||  1039
  Dodge: Dodged            |    14 |    36 |   109 |   199 |   303 |   373 |   452 |   610 |   185 ||  2281
  Block: Buckler           |       |       |    12 |   103 |   144 |   221 |   241 |   367 |    94 ||  1182
         Kite shield       |       |       |       |       |       |       |       |       |    47 ||    47

Illustrated notes

Table legend:
 A = Kills in this place as a percentage of kills in the entire game.
 B = Kills by you in this place as a percentage of kills by you in the entire game.
 C = Kills by friends in this place as a percentage of kills by friends in the entire game.
 D = Other kills in this place as a percentage of other kills in the entire game.
 E = Experience gained in this place as a percentage of experience gained in the entire game.
 F = Experience gained in this place divided by the number of levels of this place that you have seen.
                   A       B       C       D       E      F
               +-------+-------+-------+-------+-------+----------------------
         Total | 100.0 | 100.0 | 100.0 | 100.0 | 100.0 | 20790.1
       Dungeon |  19.6 |  23.0 |   9.0 |  50.0 |   5.0 | 3703.7
          Lair |   8.8 |   8.1 |  11.0 |   2.8 |   4.5 | 9982.6
         Swamp |   8.9 |   7.8 |  12.0 |   5.6 |   8.8 | 24138.2
   Spider Nest |   9.1 |   6.8 |  15.5 |   0.0 |   6.6 | 18163.5
    Slime Pits |   4.7 |   4.5 |   5.8 |   0.0 |   5.9 | 12905.0
  Orcish Mines |   5.9 |   6.8 |   3.9 |   2.8 |   2.2 | 11847.5
   Elven Halls |   6.9 |   7.7 |   4.5 |  13.9 |   9.0 | 32920.7
        Vaults |  21.3 |  22.1 |  20.2 |   5.6 |  31.3 | 68939.0
        Depths |  12.6 |  11.9 |  15.1 |   2.8 |  21.8 | 60069.0
           Zot |   1.8 |   1.0 |   2.8 |  16.7 |   4.8 | 10488.6
      Gauntlet |   0.4 |   0.5 |   0.2 |   0.0 |   0.3 | 2804.0
               +-------+-------+-------+-------+-------+----------------------

Table legend: (Time is in decaauts)
 A = Elapsed time spent in this place.
 B = Non-inter-level travel time spent in this place.
 C = Inter-level travel time spent in this place.
 D = Time resting spent in this place.
 E = Time spent auto-exploring this place.
 F = Levels seen in this place.
 G = Mean time per level.
                   A        B        C        D        E       F      G
               +--------+--------+--------+--------+--------+-----+--------+
         Total |  83686 |  77350 |   6336 |  20819 |  39296 |  53 | 1579.0 |
       Dungeon |  23505 |  20829 |   2676 |   5141 |  11337 |  15 | 1567.0 |
          Lair |  10126 |   8831 |   1295 |   2252 |   4556 |   5 | 2025.2 |
         Swamp |   7531 |   7100 |    431 |   2683 |   2928 |   4 | 1882.8 |
   Spider Nest |   5165 |   4993 |    172 |   1468 |   2482 |   4 | 1291.2 |
    Slime Pits |   2245 |   2172 |     73 |    715 |    646 |   5 |  449.0 |
  Orcish Mines |   3409 |   3169 |    240 |    992 |   1475 |   2 | 1704.5 |
   Elven Halls |   6386 |   5965 |    421 |   1537 |   3249 |   3 | 2128.7 |
        Vaults |  13147 |  12722 |    425 |   2661 |   7160 |   5 | 2629.4 |
        Depths |  10663 |  10065 |    598 |   2841 |   5279 |   4 | 2665.8 |
           Zot |    831 |    831 |      0 |    265 |     40 |   5 |  166.2 |
      Gauntlet |    672 |    672 |      0 |    262 |    144 |   1 |  672.0 |
               +--------+--------+--------+--------+--------+-----+--------+

Top non-repeatable levels by time:
Depths:2: 3670 daAuts
Depths:4: 3302 daAuts
Vaults:4: 3209 daAuts
   Elf:3: 3141 daAuts
Vaults:5: 3092 daAuts
Vaults:1: 2635 daAuts
  Lair:5: 2531 daAuts
     D:9: 2513 daAuts
 Swamp:4: 2505 daAuts
  Lair:3: 2426 daAuts
     D:5: 2284 daAuts
Vaults:2: 2201 daAuts
 Swamp:3: 2192 daAuts
   Orc:2: 2184 daAuts
     D:7: 2115 daAuts
